 Dungeon Crawl Stone Soup version 0.30.0-29-ga12c61a403 (webtiles) character file.

Game seed: 9290846252966010275

610113 qw the Conqueror (level 27, -10/199 HPs)
             Began as a Gargoyle Fighter on June 4, 2023.
             Was a Believer of Okawaru.
             Mangled by a death scarab (15 damage)
             ... summoned by a royal mummy
             ... on level 1 of the Tomb of the Ancients.
             The game lasted 00:47:15 (58948 turns).

qw the Conqueror (Gargoyle Fighter)                Turns: 58948, Time: 00:47:16

Health: -10/199    AC: 77    Str: 35 (39) XL:     27
Magic:  31/31      EV: 21    Int:  8      God:    Okawaru [**....]
Gold:   1985       SH: 25    Dex: 13 (16) Spells: 26/26 levels left

rFire   + + .        n - +7 broad axe (protect)
rCold   + + .        s - +1 tower shield {AC+3}
rNeg    + + .        r - +3 gold dragon scales
rPois   inf          f - +2 helmet {rF+}
rElec   +            y - +2 cloak {Will+}
rCorr   +            G - +2 pair of gloves {Str+3}
SInv    +            D - +2 pair of boots
Will    ++++.        I - amulet "Geod" {RegenMP Will+ Regen+ Str+5} Stlth
                     v - ring "Puciarat" {rC+ rN+ rCorr Dex+7}
HPRegen 1.33/turn    x - +5 ring of evasion
MPRegen 0.62/turn

%: clarity
@: about to teleport, heroic, under a protective aura, flying
A: sickness immunity, AC +20, big wings, negative energy resistance 1,
electricity resistance, torment resistance 1, petrification resistance, see
invisible, clarity, deterioration 1, dopey 2, screaming 1, sturdy frame 1
}: 4/15 runes: serpentine, barnacled, slimy, silver
a: Renounce Religion, Heroism


You were on level 1 of the Tomb of the Ancients.
You worshipped Okawaru.
Okawaru was pleased with you.
You visited 11 branches of the dungeon, and saw 53 of its levels.

You collected 7265 gold pieces.
You spent 5280 gold pieces at shops.


Innate Abilities, Weirdness & Mutations

You are immune to sickness and miasma.
Your stone body is resilient. (AC +20)
You are immune to poison.
Your large and strong wings let you fly.
You resist negative energy. (rN+)
You are resistant to electric shocks. (rElec)
You are resistant to unholy torment.
You are immune to petrification.
You have supernaturally acute eyesight. (SInv)
You possess an exceptional clarity of mind.
Your body sometimes deteriorates upon taking damage.
You are very dopey. (Int -4)
You occasionally shout uncontrollably at your foes.
Your movements are slightly less encumbered by armour. (ER -2)


   Skills:
 O Level 27 Fighting
 + Level 18.0(23.0) Axes
 - Level 16.0(21.0) Throwing
 - Level 22.6(27) Armour
 - Level 13.3(18.3) Dodging
 - Level 22.0(27) Shields
 - Level 11.7 Invocations


You had 26 spell levels left.
You didn't know any spells.
Your spell library was empty.

Inventory:

Hand Weapons
 n - a +7 broad axe of protection (weapon)
 H - a +9 vampiric war axe
Missiles
 u - 23 javelins (quivered)
Armour
 f - a +2 helmet of fire resistance (worn)
 r - +3 gold dragon scales (worn)
 s - a +1 tower shield of protection (worn)
 y - a +2 cloak of willpower (worn)
 A - a +2 pair of gloves of fire resistance
 D - a +2 pair of boots (worn)
 G - a +2 pair of gloves of strength (worn)
 J - the +0 helmet of Oradak {-Cast rPois Slay+3}
   (Okawaru gifted it to you on level 3 of the Vaults)

   Slay:      It affects your accuracy & damage with ranged weapons and melee
   (+3).
   rPois:     It protects you from poison.
   -Cast:     It prevents spellcasting.
Jewellery
 b - a ring of protection from fire
 o - a +4 ring of protection
 t - the ring of Faicoq {Fire Will+}
   (You found it on level 6 of the Dungeon)

   [ring of fire]

   It enhances your fire magic.
   rF:        It protects you from fire.
   rC:        It makes you vulnerable to cold.
   Will:      It increases your willpower.
 v - the ring "Puciarat" (left hand) {rC+ rN+ rCorr Dex+7}
   (You bought it in a shop on level 9 of the Dungeon)

   [ring of positive energy]

   Dex:       It affects your dexterity (+7).
   rC:        It protects you from cold.
   rN:        It protects you from negative energy.
   rCorr:     It protects you from acid and corrosion.
 w - a ring of protection from cold
 x - a +5 ring of evasion (right hand)
 I - the amulet "Geod" (around neck) {RegenMP Will+ Regen+ Str+5}
   (You found it on level 2 of the Vaults)

   [amulet of magic regeneration]

   It increases your rate of magic regeneration.
   Str:       It affects your strength (+5).
   Regen:     It increases your rate of health regeneration.
   Will:      It increases your willpower.
 Y - the ring of Moral Flaws {rF+ rC- rN+ rCorr Slay+4}
   (You took it off a deep elf pyromancer on level 12 of the Dungeon)

   [ring of slaying]

   Slay:      It affects your accuracy & damage with ranged weapons and melee
   (+4).
   rF:        It protects you from fire.
   rC:        It makes you vulnerable to cold.
   rN:        It protects you from negative energy.
   rCorr:     It protects you from acid and corrosion.
Wands
 F - a wand of digging (10)
Scrolls
 a - 30 scrolls of identify
 q - 5 scrolls of teleportation
Potions
 d - 12 potions of might
 e - 28 potions of curing
 g - a potion of cancellation
 i - 15 potions of lignification
 k - 7 potions of attraction
 p - 9 potions of mutation
 z - 5 potions of haste

Dungeon Overview and Level Annotations

Branches:
Dungeon (15/15)            Temple (0/1) D:6            Lair (5/5) D:10
 Shoals (4/4) Lair:3        Snake (4/4) Lair:2        Slime (5/5) Lair:5
    Orc (2/2) D:9             Elf (0/3) Orc:2        Vaults (5/5) D:13
  Crypt (3/3) Vaults:2       Tomb (2/3) Crypt:3      Depths (4/4) D:15
    Zot (4/5) Depths:4

Altars:
Ashenzari
Cheibriados
Fedhas
Gozag
Hepliaklqana
Kikubaaqudgha
Makhleb
Nemelex Xobeh
Okawaru
Wu Jian
Yredelemnul
Zin
The Shining One
Jiyva
Lugonu

Shops:
D:9 [**=   D:10 !   D:11 *   D:12 ?:   D:13 [   Orc:2 :!!   Shoals:2 [
Snake:4 :   Vaults:3 (   Vaults:4 ?   Vaults:5 ??

Portals:
Hell: Depths:1 Depths:2 Depths:3 Depths:4
Abyss: Lair:5 Depths:1 Depths:3
Pandemonium: Depths:2 Depths:3
Ziggurat: Depths:1
Trove: D:13 (give +5 demon trident)

Annotations:
D:13 3 runed translucent doors, OceanMan's ghost, journeyman MiFi; qw's ghost, journeyman GrFi
D:14 3 runed translucent doors, qw's ghost, journeyman GrFi
Lair:1 1 runed translucent door, qw's ghost, journeyman GrFi
Lair:3 2 runed translucent doors, qw's ghost, journeyman GrFi
Shoals:3 1 runed translucent door, qw's ghost, adept GrFi
Vaults:1 3 runed translucent doors, qw's ghost, adept GrFi
Zot:4 2 transporters


Message History

The death scarab bites you but does no damage.
The death scarab barely misses you.
You block the emperor scorpion's attack. x2
The emperor scorpion claws you but does no damage.
The death scarab barely misses you.
Enter note:
Enter note:
Enter note:
Enter note:
Enter note:
Enter note:
Enter note:
Enter note: You slash the emperor scorpion!
You kill the emperor scorpion!
The emperor scorpion's corpse disappears in a puff of smoke!
You hit the royal mummy. You slash the death scarab!
You destroy the death scarab!
The death scarab's corpse disappears in a puff of smoke!
You closely miss the death scarab. You barely miss the royal mummy.
You block the death scarab's attack. x2; The death scarab bites you!
The royal mummy casts a spell.
The royal mummy hits you but does no damage.
The royal mummy mumbles some strange words.
You block the death scarab's attack.
You hear a faint skittering sound.
Enter note:
Enter note:
Enter note:
Enter note:
Enter note:
Enter note:
Enter note:
Enter note: You barely miss the death scarab.
The death scarab is heavily damaged.
You hit the royal mummy. You barely miss the death scarab.
You slice the death scarab!! You slice the royal mummy!!
You block the death scarab's attack. x2; The death scarab bites you!
You die...

........(.....................#
..............................#
.8............................#
..............................#
...##################.........#
.8.### ##############.........#
...# >.#....#..s#..##.........#
...# .#....#BsB#..##.........#
.8.####'..ss.ssB@####..?......#
...##.......#BMMMBB##.........#
...##....Bs.#BBBsB.##.........#
.8.##.....s...sBBz¤##.....(...#
...##...Bs..#...¤.^##.........#
...##.......#......##.........#
.8.####'.M......'####......[..#
..[# .#.M..#^..#. #.........#
''## ..#.B.B#...# #.........#


You could see 4 royal mummies, 9 emperor scorpions, a skeletal warrior and 12
death scarabs.

Vanquished Creatures
  the Royal Jelly (Slime:5)
  2 ancient liches
  2 dread liches (Vaults:5)
  Mara (Vaults:4)
  10 royal mummies
  Vv (Zot:1)
  Frederick (Vaults:4)
  Margery (Vaults:4)
  Saint Roka (Crypt:2)
  A curse toe (Zot:3)
  A caustic shrike (Depths:2)
  8 golden dragons
  An electric golem (Zot:2)
  13 tentacled monstrosities
  A walking earthen tome (Depths:2)
  A walking crystal tome (Depths:3)
  Mlioglotl (Shoals:2)
  3 liches
  6 quicksilver dragons
  4 ancient champions
  3 titans
  4 death cobs
  A kraken (Shoals:1)
  17 acid blobs
  Polyphemus (Shoals:3)
  16 shadow dragons
  13 sphinxes
  5 tengu reavers
  Agnes (Snake:1)
  19 storm dragons
  Donald (Snake:3)
  3 draconian monks
  4 revenants
  Ilsuiw (Shoals:3)
  6 draconian knights
  15 azure jellies
  12 rockslimes
  7 fire giants
  10 nagarajas
  A balrug (Depths:4)
  5 frost giants
  2 iron dragons
  Aizul (Snake:3)
  23 vault wardens
  4 draconian shifters
  5 ghouls (Crypt:1)
  An orc warlord (Orc:2)
  2 deep elf sorcerers (Vaults:5)
  A ghost moth (Zot:3)
  7 draconian scorchers
  22 very ugly things
  7 draconian stormcallers
  A spriggan defender (Depths:2)
  A curse skull (Crypt:1)
  7 quicksilver oozes (Slime:5)
  3 war gargoyles (Vaults:5)
  7 draconian annihilators
  A caustic shrike skeleton (Depths:4)
  18 stone giants
  4 ironbound thunderhulks
  2 reapers (Crypt:3)
  10 green draconians
  24 ironbound preservers
  9 vampire knights
  2 bennus (Tomb:2)
  2 deep elf demonologists
  9 dire elephants
  5 white draconians
  14 purple draconians
  9 black draconians
  A deep elf annihilator (Vaults:5)
  8 red draconians
  22 yellow draconians
  5 spark wasps
  A blizzard demon (Depths:3)
  6 merfolk impalers
  4 deep elf death magi
  15 fire dragons
  A crystal guardian (Vaults:3)
  17 mummy priests
  7 merfolk javelineers
  An entropy weaver (Vaults:1)
  6 ettins
  2 eidola
  4 jiangshi
  11 yaktaur captains
  3 deep elf high priests
  23 great orbs of eyes
  7 hydras
  Erolcha (D:11)
  2 hell beasts
  6 ice dragons
  2 rakshasas (Depths:2)
  2 peacekeepers (Vaults:3)
  2 catoblepae
  38 vault guards
  10 anacondas
  3 spriggan zombies
  3 spriggan air magi
  2 salamander tyrants (Snake:2)
  8 ironbound frosthearts
  An ogre mage (Vaults:5)
  2 spriggan skeletons
  26 centaur warriors
  4 alligator snapping turtles
  3 merfolk aquamancers
  A two-headed ogre (shapeshifter) (Depths:3)
  6 satyrs
  4 merfolk avatars
  6 tengu warriors
  6 deep troll shamans
  24 death scarabs
  5 boulder beetles
  3 death knights
  13 death yaks
  4 two-headed ogres
  19 naga warriors
  3 orc high priests (Orc:2)
  7 vampire magi
  18 naga sharpshooters
  4 deep troll earth magi
  2 thrashing horrors (Lair:5)
  A titan zombie (Tomb:1)
  2 hell hogs (Depths:3)
  20 hell knights
  3 spriggan berserkers
  5 shock serpents
  Urug (D:11)
  7 skysharks
  3 soul eaters
  4 iron trolls
  4 sun demons (Depths:3)
  A titan skeleton (Crypt:1)
  7 salamander mystics
  34 skeletal warriors
  A fire crab (shapeshifter) (D:15)
  A quicksilver dragon simulacrum (Depths:4)
  A sixfirhy (Depths:2)
  60 deep trolls
  5 shadow wraiths
  7 naga ritualists
  22 sea snakes
  3 large abominations (Lair:5)
  A kraken simulacrum (Shoals:4)
  A deep troll (shapeshifter) (Vaults:5)
  An orb spider (shapeshifter) (D:13)
  3 glowing orange brains
  4 deep elf pyromancers
  8 necromancers
  A steelbarb worm (shapeshifter) (Lair:5)
  A deep elf archer (D:13)
  10 ironbound convokers
  5 lindwurms
  6 wizards
  4 flayed ghosts
  5 orc knights
  14 fauns
  10 phantasmal warriors
  3 mana vipers
  39 ugly things
  A sphinx zombie (Depths:4)
  9 harpies
  8 orc sorcerers
  A shadow dragon skeleton (Crypt:2)
  A wolf spider (D:15)
  A sphinx skeleton (Depths:4)
  A mana viper (shapeshifter) (D:12)
  7 oklob plants (Zot:3)
  16 manticores
  20 salamanders
  A jorogumo skeleton (Crypt:1)
  14 cyclopes
  A salamander (shapeshifter) (Vaults:5)
  9 merfolk sirens
  An iron dragon skeleton (Crypt:1)
  10 guardian serpents
  An orange demon (Depths:2)
  17 moths of wrath
  5 water nymphs
  22 naga magi
  18 vault sentinels
  40 black mambas
  A fire giant skeleton (Vaults:2)
  2 rust devils
  A torpor snail (Lair:4)
  2 frost giant skeletons (Vaults:4)
  A dire elephant zombie (Tomb:2)
  7 smoke demons
  2 gargoyles (D:12)
  A pale draconian zombie (Crypt:3)
  14 cane toads
  A tormentor (Depths:2)
  23 yaktaurs
  A red draconian zombie (Crypt:2)
  3 freezing wraiths
  6 komodo dragons
  5 unseen horrors
  3 rime drakes
  An efreet (D:12)
  70 guardian mummies
  2 ancient zymes (Lair:5)
  A catoblepas zombie (Crypt:2)
  A red devil (Depths:2)
  2 tengu conjurers (D:14)
  A golden dragon simulacrum (Crypt:1)
  An ice devil (Depths:3)
  3 polar bears
  A troll (shapeshifter) (Lair:5)
  A merfolk (shapeshifter) (Vaults:5)
  A shadow dragon simulacrum (Crypt:1)
  27 merfolk
  6 meliai (D:14)
  7 trolls
  2 hornets
  3 wind drakes
  A hellwing (Depths:3)
  A hydra skeleton (Tomb:1)
  A hornet (shapeshifter) (D:15)
  A tarantella zombie (Crypt:1)
  15 blink frogs
  14 dream sheep
  A dream sheep (shapeshifter) (Vaults:5)
  A jumping spider zombie (Crypt:2)
  10 snapping turtles
  A raiju (shapeshifter) (Vaults:4)
  A fire dragon skeleton (Crypt:3)
  65 slime creatures
  A vampire (D:9)
  28 flying skulls
  2 human simulacra (Vaults:2)
  3 spriggans
  9 water elementals
  3 shadows
  4 wyverns
  15 wraiths
  46 yaks
  A hog (shapeshifter) (D:14)
  6 basilisks
  2 neqoxecs
  14 ushabtiu
  4 golden eyes (Slime:2)
  2 chaos spawn (Lair:5)
  A redback (Vaults:1)
  An elf skeleton (Vaults:2)
  5 wargs
  A black mamba skeleton (Crypt:1)
  A glowing shapeshifter zombie (Crypt:3)
  Menkaure (D:7)
  57 nagas
  An acid dragon (shapeshifter) (Vaults:5)
  A deep troll zombie (Crypt:2)
  A skyshark zombie (Crypt:2)
  5 acid dragons
  15 water moccasins
  A floating eye (Depths:3)
  Duvessa (D:6)
  A two-headed ogre skeleton (Crypt:2)
  A floating eye (shapeshifter) (Lair:5)
  A fire bat skeleton (Crypt:3)
  3 ice beasts
  A black bear (D:6)
  An ettin simulacrum (Vaults:4)
  19 orc warriors
  5 ogres
  10 wolves
  10 centaurs
  3 boggarts (D:15)
  A kobold brigand (D:9)
  13 small abominations (Lair:5)
  A human zombie (Vaults:4)
  2 phantoms
  A vine stalker zombie (Crypt:1)
  10 bullfrogs
  A gnoll sergeant (D:12)
  3 scorpions
  2 necrophages (Crypt:1)
  15 wights
  Dowan (D:6)
  A warg skeleton (Crypt:1)
  9 killer bees
  9 electric eels
  A vampire bat (D:5)
  5 howler monkeys
  A centaur zombie (D:4)
  28 jellies
  A lava snake (Lair:5)
  5 hounds
  13 orc priests
  A sleepcap (D:8)
  A black bear skeleton (Crypt:2)
  Ijyb (D:5)
  A basilisk skeleton (Crypt:1)
  4 iguanas
  18 orc wizards
  A naga skeleton (Crypt:1)
  A hound zombie (D:4)
  A hound skeleton (Crypt:3)
  53 mummies
  A howler monkey zombie (D:4)
  7 gnolls
  8 adders
  2 swamp drake zombies (Crypt:2)
  5 shadow imps
  2 white imps (D:7)
  5 ufetubi
  An adder zombie (D:4)
  An iguana zombie (Crypt:1)
  3 worms
  7 dart slugs
  3 fire bats (D:5)
  59 orcs
  2 spectral bats (D:5)
  3 bat skeletons (D:5)
  A bat zombie (D:5)
  9 endoplasms
  7 giant cockroaches
  14 hobgoblins
  8 quokkas
  8 ball pythons
  A ball python skeleton (Crypt:3)
  15 bats
  A bat simulacrum (D:5)
  An endoplasm zombie (Crypt:2)
  4 frilled lizards
  A frilled lizard zombie (Crypt:3)
  10 goblins
  13 kobolds
  9 rats
  A rat skeleton (Crypt:2)
  A rat zombie (Crypt:3)
  2 starspawn tentacles (Shoals:2)
  3 tentacles (Shoals:1)
2329 creatures vanquished.

Vanquished Creatures (others)
  An eldritch tentacle (Tomb:2)
  2 draconian knights
  A fire giant (Vaults:5)
  Josephine (Shoals:1)
  A centaur warrior (Vaults:2)
  2 wizards
  A vault sentinel (Vaults:2)
  A merfolk (Shoals:4)
  A water elemental (D:12)
  A gnoll (D:12)
  A starspawn tentacle (Shoals:2)
  5 tentacles
18 creatures vanquished.

Grand Total: 2347 creatures vanquished

Notes
Turn   | Place    | Note
-------+----------+-------------------------------------------
     0 | D:1      | qw the Gargoyle Fighter began the quest for the Orb.
     0 | D:1      | Reached XP level 1. HP: 14/14 MP: 1/1
     0 | D:1      | 0 ||| qw: Version: 0.2-a-107-g4668610
     0 | D:1      | 0 ||| qw: Game counter: 1290
     0 | D:1      | 0 ||| qw: Always use a shield: true
     0 | D:1      | 0 ||| qw: God list: Okawaru
     0 | D:1      | 0 ||| qw: Allow faded altars: false
     0 | D:1      | 0 ||| qw: Do Orc after D:15 true
     0 | D:1      | 0 ||| qw: Do second Lair branch before Depths: true
     0 | D:1      | 0 ||| qw: Lair rune preference: random
     0 | D:1      | 0 ||| qw: Plans: Normal, Zot:1-4, Slime:5, God:TSO, Crypt,
                  | Tomb, Abyss, Pan, Hells, Win
     0 | D:1      | 0 ||| PLANNING D:1-11
    99 | D:1      | 99 ||| Stepping ~*~*~tactically~*~*~ (stealth).
   156 | D:1      | 156 ||| Stepping ~*~*~tactically~*~*~ (stealth).
   163 | D:1      | 163 ||| DROPPING +0 club.
   217 | D:1      | Reached XP level 2. HP: 19/19 MP: 2/2
   270 | D:1      | 270 ||| Stepping ~*~*~tactically~*~*~ (stealth).
   416 | D:1      | Reached skill level 3 in Axes
   449 | D:1      | Reached XP level 3. HP: 23/23 MP: 3/3
   481 | D:1      | 481 ||| Stepping ~*~*~tactically~*~*~ (hiding).
   483 | D:1      | 483 ||| Stepping ~*~*~tactically~*~*~ (hiding).
   484 | D:1      | 484 ||| Stepping ~*~*~tactically~*~*~ (hiding).
   904 | D:1      | 904 ||| Stepping ~*~*~tactically~*~*~ (hiding).
  1076 | D:1      | 1076 ||| UPGRADING to amulet of the acrobat.
  1081 | D:1      | 1081 ||| READING scroll labelled PEOMUKHL NUBRY.
  1082 | D:1      | 1082 ||| READING 3 scrolls labelled NIXKER PUODYAC.
  1083 | D:1      | 1083 ||| READING scroll labelled WIRAL BEBLOSERGH.
  1084 | D:1      | 1084 ||| READING scroll labelled JECKAUDAOD.
  1087 | D:1      | 1087 ||| DRINKING 2 green potions.
  1088 | D:1      | 1088 ||| DROPPING potion of degeneration.
  1089 | D:1      | 1089 ||| DROPPING 2 scrolls of fog.
  1185 | D:2      | Reached XP level 4. HP: 28/28 MP: 4/4
  1358 | D:2      | 1358 ||| Stepping ~*~*~tactically~*~*~ (stealth).
  1400 | D:2      | 1400 ||| Stepping ~*~*~tactically~*~*~ (hiding).
  1401 | D:2      | 1401 ||| Stepping ~*~*~tactically~*~*~ (hiding).
  1759 | D:2      | 1759 ||| Stepping ~*~*~tactically~*~*~ (stealth).
  1783 | D:2      | 1783 ||| Stepping ~*~*~tactically~*~*~ (hiding).
  1993 | D:2      | 1993 ||| Stepping ~*~*~tactically~*~*~ (stealth).
  2111 | D:2      | 2111 ||| READING scroll labelled HYNAEJ EGRUSOTZ.
  2112 | D:2      | 2112 ||| DRINKING 3 pink potions.
  2113 | D:2      | 2113 ||| DRINKING 2 fuming purple potions.
  2193 | D:3      | Reached XP level 5. HP: 32/32 MP: 5/5
  2553 | D:3      | Found a glowing golden altar of the Shining One.
  2697 | D:3      | 2697 ||| Stepping ~*~*~tactically~*~*~ (stealth).
  2817 | D:4      | 2817 ||| PLANNING SEWER
  2877 | D:4      | 2877 ||| Stepping ~*~*~tactically~*~*~ (stealth).
  2879 | D:4      | 2879 ||| Stepping ~*~*~tactically~*~*~ (hiding).
  3061 | D:4      | Reached skill level 4 in Fighting
  3061 | D:4      | Reached XP level 6. HP: 39/39 MP: 6/6
  3061 | D:4      | Found a basalt altar of Yredelemnul.
  3074 | D:4      | Found an iron altar of Okawaru.
  3087 | D:4      | 3087 ||| Stepping ~*~*~tactically~*~*~ (stealth).
  3089 | D:4      | 3089 ||| Stepping ~*~*~tactically~*~*~ (stealth).
  3277 | D:4      | Reached skill level 1 in Dodging
  3355 | D:4      | 3355 ||| Stepping ~*~*~tactically~*~*~ (stealth).
  3360 | D:4      | 3360 ||| DROPPING +0 whip.
  3414 | D:4      | Found a sand-covered staircase.
  3460 | D:4      | 3460 ||| Stepping ~*~*~tactically~*~*~ (stealth).
  3462 | D:4      | 3462 ||| Stepping ~*~*~tactically~*~*~ (hiding).
  3463 | D:4      | 3463 ||| Stepping ~*~*~tactically~*~*~ (hiding).
  3484 | D:4      | 3484 ||| FLEEEEING.
  3485 | D:4      | 3485 ||| FLEEEEING.
  3486 | D:4      | 3486 ||| FLEEEEING.
  3487 | D:4      | 3487 ||| FLEEEEING.
  3488 | D:4      | 3488 ||| FLEEEEING.
  3489 | D:4      | 3489 ||| FLEEEEING.
  3490 | D:4      | 3490 ||| FLEEEEING.
  3494 | D:4      | 3494 ||| FLEEEEING.
  3495 | D:4      | 3495 ||| FLEEEEING.
  3496 | D:4      | 3496 ||| FLEEEEING.
  3497 | D:4      | 3497 ||| FLEEEEING.
  3499 | D:4      | 3499 ||| FLEEEEING.
  3500 | D:4      | 3500 ||| FLEEEEING.
  3503 | D:4      | 3503 ||| FLEEEEING.
  3504 | D:4      | 3504 ||| FLEEEEING.
  3505 | D:4      | 3505 ||| FLEEEEING.
  3506 | D:4      | 3506 ||| FLEEEEING.
  3510 | D:4      | 3510 ||| FLEEEEING.
  3511 | D:4      | 3511 ||| FLEEEEING.
  3512 | D:4      | 3512 ||| FLEEEEING.
  3513 | D:4      | 3513 ||| FLEEEEING.
  3517 | D:4      | 3517 ||| FLEEEEING.
  3518 | D:4      | 3518 ||| Stepping ~*~*~tactically~*~*~ (hiding).
  3519 | D:4      | 3519 ||| FLEEEEING.
  3520 | D:4      | 3520 ||| DRINKING 3 potions of curing.
  3520 | D:4      | 3520 ||| (to cure confusion)
  3521 | D:4      | 3521 ||| Stepping ~*~*~tactically~*~*~ (hiding).
  3522 | D:4      | 3522 ||| Stepping ~*~*~tactically~*~*~ (hiding).
  3547 | D:4      | 3547 ||| Stepping ~*~*~tactically~*~*~ (hiding).
  3572 | D:4      | 3572 ||| Stepping ~*~*~tactically~*~*~ (stealth).
  3573 | D:4      | 3573 ||| Stepping ~*~*~tactically~*~*~ (stealth).
  3574 | D:4      | 3574 ||| Stepping ~*~*~tactically~*~*~ (stealth).
  3778 | D:4      | 3778 ||| Stepping ~*~*~tactically~*~*~ (water).
  3866 | D:4      | Reached skill level 6 in Axes
  3866 | D:4      | Reached XP level 7. HP: 31/44 MP: 7/7
  3920 | D:4      | 3920 ||| Stepping ~*~*~tactically~*~*~ (stealth).
  3927 | D:4      | 3927 ||| Stepping ~*~*~tactically~*~*~ (stealth).
  3971 | D:4      | 3971 ||| RIP SEWER
  3971 | D:4      | 3971 ||| RIP OSSUARY
  3971 | D:4      | 3971 ||| PLANNING OKAWARU WORSHIP
  3971 | D:4      | 3971 ||| UPGRADING to +0 chain mail.
  3981 | D:4      | 3981 ||| DROPPING +0 scale mail.
  3982 | D:4      | 3982 ||| DRINKING 2 clear potions.
  3983 | D:4      | 3983 ||| READING 2 scrolls of identify.
  3983 | D:4      | 3983 ||| IDENTIFYING smoky green potion
  3984 | D:4      | 3984 ||| DROPPING potion of ambrosia.
  3985 | D:4      | 3985 ||| DROPPING potion of brilliance.
  4053 | D:4      | Became a worshipper of Warmaster Okawaru
  4053 | D:4      | 4053 ||| PLANNING D:1-11
  4062 | D:5      | Entered Level 5 of the Dungeon
  4144 | D:5      | Noticed Ijyb
  4158 | D:5      | Killed Ijyb
  4159 | D:5      | 4159 ||| FLEEEEING.
  4160 | D:5      | 4160 ||| FLEEEEING.
  4161 | D:5      | 4161 ||| FLEEEEING.
  4162 | D:5      | 4162 ||| FLEEEEING.
  4163 | D:5      | 4163 ||| FLEEEEING.
  4164 | D:5      | 4164 ||| FLEEEEING.
  4165 | D:5      | 4165 ||| FLEEEEING.
  4166 | D:5      | 4166 ||| FLEEEEING.
  4167 | D:5      | 4167 ||| FLEEEEING.
  4168 | D:5      | 4168 ||| FLEEEEING.
  4169 | D:5      | 4169 ||| FLEEEEING.
  4170 | D:5      | 4170 ||| FLEEEEING.
  4171 | D:5      | 4171 ||| FLEEEEING.
  4172 | D:5      | 4172 ||| FLEEEEING.
  4173 | D:5      | 4173 ||| FLEEEEING.
  4381 | D:5      | Found a burning altar of Makhleb.
  4412 | D:5      | 4412 ||| Stepping ~*~*~tactically~*~*~ (stealth).
  4611 | D:5      | Reached skill level 5 in Fighting
  4625 | D:5      | Reached skill level 1 in Throwing
  4715 | D:5      | 4715 ||| Stepping ~*~*~tactically~*~*~ (stealth).
  4721 | D:5      | 4721 ||| Stepping ~*~*~tactically~*~*~ (stealth).
  4732 | D:5      | 4732 ||| DRINKING 2 potions of curing.
  4732 | D:5      | 4732 ||| (to cure confusion)
  4734 | D:5      | Reached * piety under Okawaru
  4735 | D:5      | 4735 ||| INVOKING Heroism.
  4737 | D:5      | Reached XP level 8. HP: 35/49 MP: 5/8
  4739 | D:5      | Reached skill level 1 in Invocations
  4761 | D:5      | 4761 ||| Stepping ~*~*~tactically~*~*~ (stealth).
  4924 | D:5      | 4924 ||| INVOKING Heroism.
  5217 | D:5      | 5217 ||| UPGRADING to +5 ring of evasion.
  5218 | D:5      | 5218 ||| READING scroll labelled MUNGUUMNOU.
  5219 | D:5      | 5219 ||| READING 2 scrolls of identify.
  5219 | D:5      | 5219 ||| IDENTIFYING emerald potion
  5290 | D:6      | 5290 ||| INVOKING Heroism.
  5328 | D:6      | Found a hazy altar of Hepliaklqana.
  5374 | D:6      | Reached skill level 6 in Fighting
  5389 | D:6      | Noticed Duvessa
  5389 | D:6      | Noticed Dowan
  5390 | D:6      | 5390 ||| Stepping ~*~*~tactically~*~*~ (stealth).
  5392 | D:6      | 5392 ||| Stepping ~*~*~tactically~*~*~ (hiding).
  5396 | D:6      | 5396 ||| INVOKING Heroism.
  5402 | D:6      | Killed Duvessa
  5403 | D:6      | Reached skill level 3 in Invocations
  5407 | D:6      | Killed Dowan
  5606 | D:6      | Reached XP level 9. HP: 55/55 MP: 10/12
  5730 | D:6      | Found a staircase to the Ecumenical Temple.
  5975 | D:6      | Identified the ring of Faicoq {Fire Will+}
  6111 | D:6      | 6111 ||| UPGRADING to +0 plate armour.
  6121 | D:6      | 6121 ||| DROPPING +0 chain mail.
  6122 | D:6      | 6122 ||| UPGRADING to ring of Faicoq {Fire Will+}.
  6123 | D:6      | 6123 ||| READING scroll labelled KUCSUEPRYRI.
  6124 | D:6      | 6124 ||| READING scroll labelled BEGUUM UXZUQO.
  6125 | D:6      | 6125 ||| DRINKING 2 lumpy golden potions.
  6220 | D:7      | 6220 ||| Stepping ~*~*~tactically~*~*~ (stealth).
  6226 | D:7      | Reached skill level 9 in Axes
  6226 | D:7      | Reached ** piety under Okawaru
  6233 | D:7      | 6233 ||| FLEEEEING.
  6234 | D:7      | 6234 ||| FLEEEEING.
  6235 | D:7      | 6235 ||| FLEEEEING.
  6235 | D:7      | Noticed Menkaure
  6236 | D:7      | 6236 ||| Stepping ~*~*~tactically~*~*~ (stealth).
  6238 | D:7      | 6238 ||| INVOKING Heroism.
  6244 | D:7      | Killed Menkaure
  6367 | D:7      | 6367 ||| INVOKING Heroism.
  6398 | D:7      | 6398 ||| Stepping ~*~*~tactically~*~*~ (hiding).
  6399 | D:7      | 6399 ||| Stepping ~*~*~tactically~*~*~ (hiding).
  6401 | D:7      | 6401 ||| Stepping ~*~*~tactically~*~*~ (hiding).
  6402 | D:7      | 6402 ||| Stepping ~*~*~tactically~*~*~ (hiding).
  6521 | D:7      | 6521 ||| Stepping ~*~*~tactically~*~*~ (stealth).
  6596 | D:7      | Found a sparkling altar of Nemelex Xobeh.
  6683 | D:7      | Found a broken altar of Ashenzari.
  6823 | D:7      | 6823 ||| UPGRADING to +0 pair of boots.
  6828 | D:7      | 6828 ||| DROPPING orb of light.
  6829 | D:7      | 6829 ||| READING scroll labelled SYAHEA AMPAQOA.
  6830 | D:7      | 6830 ||| READING scroll labelled NUILUMP VYHYUX.
  6831 | D:7      | 6831 ||| READING 2 scrolls of identify.
  6831 | D:7      | 6831 ||| IDENTIFYING bubbling golden potion
  6947 | D:8      | 6947 ||| Stepping ~*~*~tactically~*~*~ (hiding).
  6954 | D:8      | Reached skill level 7 in Fighting
  7070 | D:8      | Found a snail-covered altar of Cheibriados.
  7136 | D:8      | Reached skill level 6 in Armour
  7199 | D:8      | Found an ornate altar of the Wu Jian Council.
  7424 | D:8      | 7424 ||| Stepping ~*~*~tactically~*~*~ (hiding).
  7693 | D:8      | 7693 ||| READING scroll labelled XURYVY ROGEU.
  7733 | D:9      | 7733 ||| Stepping ~*~*~tactically~*~*~ (stealth).
  7734 | D:9      | 7734 ||| INVOKING Heroism.
  7735 | D:9      | 7735 ||| Stepping ~*~*~tactically~*~*~ (stealth).
  7747 | D:9      | Reached XP level 10. HP: 60/63 MP: 11/13
  7778 | D:9      | 7778 ||| INVOKING Heroism.
  8007 | D:9      | 8007 ||| Stepping ~*~*~tactically~*~*~ (hiding).
  8010 | D:9      | 8010 ||| Stepping ~*~*~tactically~*~*~ (hiding).
  8126 | D:9      | 8126 ||| INVOKING Heroism.
  8225 | D:9      | Found an ancient bone altar of Kikubaaqudgha.
  8255 | D:9      | 8255 ||| Stepping ~*~*~tactically~*~*~ (hiding).
  8256 | D:9      | 8256 ||| Stepping ~*~*~tactically~*~*~ (hiding).
  8366 | D:9      | Found Pixe's Armour Shoppe.
  8369 | D:9      | Found Plog's Assorted Antiques.
  8371 | D:9      | Found Zaggudd's Jewellery Shoppe.
  8377 | D:9      | 8377 ||| BUYING fine steel ring (135 gold).
  8377 | D:9      | Bought a fine steel ring for 135 gold pieces
  8377 | D:9      | Identified the ring "Puciarat" {rC+ rN+ rCorr Dex+7} (You
                  | bought it in a shop on level 9 of the Dungeon)
  8377 | D:9      | 8377 ||| BUYING scratched jade ring (135 gold).
  8377 | D:9      | Bought a scratched jade ring for 135 gold pieces
  8377 | D:9      | 8377 ||| BUYING scroll of enchant armour (202 gold).
  8377 | D:9      | Bought a scroll of enchant armour for 202 gold pieces
  8377 | D:9      | 8377 ||| SHOPLISTING short fluorescent wand (108 gold, have
                  | 99).
  8377 | D:9      | 8377 ||| READING scroll of enchant armour.
  8377 | D:9      | 8377 ||| ENCHANTING +0 pair of boots.
  8387 | D:9      | Found Puirra Fas's Fire Supplies.
  8401 | D:9      | 8401 ||| SHOPLISTING +2 helmet of fire resistance (365
                  | gold, have 99).
  8401 | D:9      | 8401 ||| SHOPLISTING +2 pair of gloves of fire resistance
                  | (365 gold, have 99).
  8520 | D:9      | 8520 ||| Stepping ~*~*~tactically~*~*~ (hiding).
  8529 | D:9      | 8529 ||| Stepping ~*~*~tactically~*~*~ (hiding).
  8530 | D:9      | 8530 ||| Stepping ~*~*~tactically~*~*~ (hiding).
  8574 | D:9      | Reached skill level 8 in Fighting
  8635 | D:9      | 8635 ||| Stepping ~*~*~tactically~*~*~ (stealth).
  8637 | D:9      | 8637 ||| Stepping ~*~*~tactically~*~*~ (stealth).
  8661 | D:9      | Found a staircase to the Orcish Mines.
  8673 | D:9      | 8673 ||| Stepping ~*~*~tactically~*~*~ (hiding).
  8702 | D:9      | 8702 ||| INVOKING Heroism.
  8842 | D:9      | 8842 ||| INVOKING Heroism.
  8952 | D:9      | 8952 ||| Stepping ~*~*~tactically~*~*~ (stealth).
  8959 | D:9      | Reached *** piety under Okawaru
  8965 | D:9      | 8965 ||| Stepping ~*~*~tactically~*~*~ (hiding).
  8969 | D:9      | 8969 ||| INVOKING Heroism.
  9216 | D:9      | 9216 ||| INVOKING Heroism.
  9516 | D:9      | 9516 ||| INVOKING Heroism.
  9673 | D:9      | 9673 ||| UPGRADING to ring "Puciarat" {rC+ rN+ rCorr
                  | Dex+7}.
  9675 | D:9      | 9675 ||| DROPPING ring of ice.
  9676 | D:9      | 9676 ||| UPGRADING to +5 ring of evasion.
  9678 | D:9      | 9678 ||| READING scroll labelled ALUUTI XEDAQI.
  9679 | D:9      | 9679 ||| READING 3 scrolls of identify.
  9679 | D:9      | 9679 ||| IDENTIFYING sedimented sapphire potion
  9680 | D:9      | 9680 ||| READING 2 scrolls of identify.
  9680 | D:9      | 9680 ||| IDENTIFYING orange potion
  9681 | D:9      | 9681 ||| DROPPING potion of berserk rage.
  9793 | D:9      | 9793 ||| SHOPLISTING +3 plate armour of cold resistance
                  | (585 gold, have 164).
  9914 | D:10     | Entered Level 10 of the Dungeon
  9937 | D:10     | Found a blossoming altar of Fedhas.
  9971 | D:10     | 9971 ||| Stepping ~*~*~tactically~*~*~ (hiding).
  9996 | D:10     | 9996 ||| FLEEEEING.
 10002 | D:10     | 10002 ||| STAIRDANCE
 10041 | D:10     | Reached skill level 3 in Throwing
 10069 | D:10     | Found a staircase to the Lair.
 10091 | D:9      | 10091 ||| SHOPLISTING +4 ring of protection (468 gold, have
                  | 174).
 10091 | D:9      | 10091 ||| SHOPLISTING +4 ring of slaying (1014 gold, have
                  | 174).
 10091 | D:9      | 10091 ||| SHOPLISTING +5 ring of evasion (468 gold, have
                  | 174).
 10091 | D:9      | 10091 ||| SHOPLISTING amulet of Jochemm {Faith Rampage
                  | Fragile rElec} (629 gold, have 174).
 10091 | D:9      | 10091 ||| PLANNING LAIR
 10103 | Lair:1   | Entered Level 1 of the Lair of Beasts
 10103 | Lair:1   | Noticed a cane toad
 10104 | Lair:1   | 10104 ||| INVOKING Heroism.
 10111 | Lair:1   | Killed a cane toad
 10111 | Lair:1   | Reached **** piety under Okawaru
 10115 | Lair:1   | Reached XP level 11. HP: 67/68 MP: 12/14
 10127 | Lair:1   | 10127 ||| INVOKING Heroism.
 10145 | Lair:1   | Found a runed translucent door.
 10147 | Lair:1   | Noticed qw's ghost (journeyman GrFi)
 10254 | Lair:1   | 10254 ||| INVOKING Heroism.
 10487 | Lair:1   | 10487 ||| INVOKING Heroism.
 10499 | Lair:1   | Reached skill level 9 in Fighting
 11081 | Lair:1   | 11081 ||| UPGRADING to amulet of regeneration.
 11091 | Lair:1   | 11091 ||| DROPPING amulet of the acrobat.
 11092 | Lair:1   | 11092 ||| READING scroll labelled JEMIAFOUKE.
 11147 | Lair:2   | 11147 ||| INVOKING Heroism.
 11155 | Lair:2   | Noticed a skyshark
 11156 | Lair:2   | Reached skill level 3 in Dodging
 11156 | Lair:2   | Reached skill level 6 in Invocations
 11156 | Lair:2   | 11156 ||| Stepping ~*~*~tactically~*~*~ (stealth).
 11160 | Lair:2   | 11160 ||| Stepping ~*~*~tactically~*~*~ (stealth).
 11168 | Lair:2   | Killed a skyshark
 11168 | Lair:2   | Received a gift from Okawaru
 11419 | Lair:2   | 11419 ||| INVOKING Heroism.
 11423 | Lair:2   | Received a gift from Okawaru
 11520 | Lair:2   | 11520 ||| Stepping ~*~*~tactically~*~*~ (stealth).
 11521 | Lair:2   | 11521 ||| Stepping ~*~*~tactically~*~*~ (stealth).
 11522 | Lair:2   | 11522 ||| Stepping ~*~*~tactically~*~*~ (stealth).
 11546 | Lair:2   | Found a staircase to the Snake Pit.
 11564 | Lair:2   | 11564 ||| INVOKING Heroism.
 11596 | Lair:2   | Identified the +7 quarterstaff of Truncation {heavy, rN+
                  | rCorr Str+3}
 11703 | Lair:2   | Received a gift from Okawaru
 11879 | Lair:3   | 11879 ||| INVOKING Heroism.
 11881 | Lair:3   | 11881 ||| Stepping ~*~*~tactically~*~*~ (stealth).
 11892 | Lair:3   | Reached skill level 12 in Axes
 11913 | Lair:3   | Reached XP level 12. HP: 73/76 MP: 18/18
 11916 | Lair:3   | Received a gift from Okawaru
 11958 | Lair:3   | 11958 ||| INVOKING Heroism.
 12061 | Lair:3   | Found a large runed translucent door.
 12062 | Lair:3   | Found a large runed translucent door.
 12063 | Lair:3   | Noticed qw's ghost (journeyman GrFi)
 12151 | Lair:3   | Noticed a seven-headed hydra
 12153 | Lair:3   | 12153 ||| INVOKING Heroism.
 12154 | Lair:3   | 12154 ||| Stepping ~*~*~tactically~*~*~ (stealth).
 12155 | Lair:3   | 12155 ||| Stepping ~*~*~tactically~*~*~ (stealth).
 12157 | Lair:3   | 12157 ||| Stepping ~*~*~tactically~*~*~ (stealth).
 12158 | Lair:3   | 12158 ||| SWAPPING to +0 flail.
 12170 | Lair:3   | Killed a seven-headed hydra
 12171 | Lair:3   | Reached skill level 9 in Invocations
 12171 | Lair:3   | 12171 ||| SWAPPING to +0 heavy war axe.
 12174 | Lair:3   | Reached ***** piety under Okawaru
 12249 | Lair:3   | Noticed a skyshark
 12256 | Lair:3   | 12256 ||| INVOKING Heroism.
 12259 | Lair:3   | Killed a skyshark
 12260 | Lair:3   | Reached skill level 6 in Shields
 12303 | Lair:3   | 12303 ||| INVOKING Heroism.
 12305 | Lair:3   | Received a gift from Okawaru
 12374 | Lair:3   | 12374 ||| INVOKING Heroism.
 12438 | Lair:3   | 12438 ||| Stepping ~*~*~tactically~*~*~ (stealth).
 12442 | Lair:3   | Found a staircase to the Shoals.
 12533 | Lair:3   | Noticed a five-headed hydra
 12534 | Lair:3   | 12534 ||| INVOKING Heroism.
 12539 | Lair:3   | 12539 ||| SWAPPING to +0 flail.
 12546 | Lair:3   | Killed a five-headed hydra
 12547 | Lair:3   | Reached skill level 10 in Fighting
 12547 | Lair:3   | 12547 ||| SWAPPING to +0 heavy war axe.
 12573 | Lair:3   | 12573 ||| Stepping ~*~*~tactically~*~*~ (hiding).
 12710 | Lair:3   | 12710 ||| INVOKING Heroism.
 12796 | Lair:3   | 12796 ||| INVOKING Heroism.
 12822 | Lair:3   | Noticed a seven-headed hydra
 12827 | Lair:3   | 12827 ||| SWAPPING to +0 flail.
 12830 | Lair:3   | Killed a seven-headed hydra
 12831 | Lair:3   | 12831 ||| SWAPPING to +0 heavy war axe.
 13219 | Lair:3   | 13219 ||| UPGRADING to +0 pair of gloves.
 13224 | Lair:3   | 13224 ||| READING scroll labelled QONWAM KINKYNA.
 13225 | Lair:3   | 13225 ||| DRINKING 2 fizzy golden potions.
 13226 | Lair:3   | 13226 ||| READING 2 scrolls of identify.
 13226 | Lair:3   | 13226 ||| IDENTIFYING viscous red potion
 13227 | Lair:3   | 13227 ||| DROPPING potion of flight.
 13285 | Lair:4   | 13285 ||| Stepping ~*~*~tactically~*~*~ (stealth).
 13326 | Lair:4   | 13326 ||| Stepping ~*~*~tactically~*~*~ (stealth).
 13330 | Lair:4   | Noticed a death yak
 13330 | Lair:4   | 13330 ||| INVOKING Heroism.
 13337 | Lair:4   | Noticed a catoblepas
 13344 | Lair:4   | Killed a death yak
 13344 | Lair:4   | Received a gift from Okawaru
 13354 | Lair:4   | Reached skill level 9 in Armour
 13357 | Lair:4   | Killed a catoblepas
 13370 | Lair:4   | Reached XP level 13. HP: 80/82 MP: 20/20
 13494 | Lair:4   | 13494 ||| READING scroll of brand weapon.
 13494 | Lair:4   | 13494 ||| BRANDING +1 heavy war axe.
 13563 | Lair:4   | 13563 ||| FLEEEEING.
 13564 | Lair:4   | 13564 ||| FLEEEEING.
 13567 | Lair:4   | 13567 ||| INVOKING Heroism.
 13577 | Lair:4   | 13577 ||| Stepping ~*~*~tactically~*~*~ (stealth).
 13781 | Lair:4   | Received a gift from Okawaru
 14065 | Lair:4   | 14065 ||| DRINKING 2 cyan potions.
 14074 | Lair:5   | Entered Level 5 of the Lair of Beasts
 14091 | Lair:5   | 14091 ||| STAIRDANCE
 14100 | Lair:4   | Received a gift from Okawaru
 14161 | Lair:5   | 14161 ||| INVOKING Heroism.
 14162 | Lair:5   | 14162 ||| INVOKING Finesse.
 14198 | Lair:5   | 14198 ||| Stepping ~*~*~tactically~*~*~ (stealth).
 14199 | Lair:5   | 14199 ||| INVOKING Heroism.
 14200 | Lair:5   | 14200 ||| Stepping ~*~*~tactically~*~*~ (stealth).
 14201 | Lair:5   | 14201 ||| Stepping ~*~*~tactically~*~*~ (hiding).
 14202 | Lair:5   | 14202 ||| Stepping ~*~*~tactically~*~*~ (stealth).
 14203 | Lair:5   | 14203 ||| Stepping ~*~*~tactically~*~*~ (hiding).
 14206 | Lair:5   | 14206 ||| Stepping ~*~*~tactically~*~*~ (hiding).
 14207 | Lair:5   | 14207 ||| INVOKING Finesse.
 14237 | Lair:5   | Reached skill level 11 in Fighting
 14305 | Lair:5   | 14305 ||| Stepping ~*~*~tactically~*~*~ (stealth).
 14306 | Lair:5   | 14306 ||| Stepping ~*~*~tactically~*~*~ (stealth).
 14307 | Lair:5   | 14307 ||| Stepping ~*~*~tactically~*~*~ (stealth).
 14309 | Lair:5   | 14309 ||| Stepping ~*~*~tactically~*~*~ (stealth).
 14310 | Lair:5   | 14310 ||| Stepping ~*~*~tactically~*~*~ (stealth).
 14313 | Lair:5   | 14313 ||| INVOKING Heroism.
 14364 | Lair:5   | 14364 ||| INVOKING Heroism.
 14410 | Lair:5   | 14410 ||| INVOKING Finesse.
 14420 | Lair:5   | 14420 ||| SWAPPING to +0 flail.
 14435 | Lair:5   | Received a gift from Okawaru
 14447 | Lair:5   | 14447 ||| SWAPPING to +1 war axe of draining.
 14449 | Lair:5   | 14449 ||| INVOKING Heroism.
 14475 | Lair:5   | 14475 ||| Stepping ~*~*~tactically~*~*~ (stealth).
 14477 | Lair:5   | 14477 ||| Stepping ~*~*~tactically~*~*~ (stealth).
 14478 | Lair:5   | 14478 ||| Stepping ~*~*~tactically~*~*~ (stealth).
 14510 | Lair:5   | 14510 ||| INVOKING Heroism.
 14589 | Lair:5   | Received a gift from Okawaru
 14657 | Lair:5   | 14657 ||| Stepping ~*~*~tactically~*~*~ (stealth).
 14671 | Lair:5   | 14671 ||| INVOKING Heroism.
 14717 | Lair:5   | 14717 ||| Stepping ~*~*~tactically~*~*~ (stealth).
 14719 | Lair:5   | 14719 ||| Stepping ~*~*~tactically~*~*~ (stealth).
 14728 | Lair:5   | 14728 ||| Stepping ~*~*~tactically~*~*~ (hiding).
 14742 | Lair:5   | Gained mutation: Your large and strong wings let you fly.
                  | [Gargoyle growth]
 14742 | Lair:5   | Reached XP level 14. HP: 72/90 MP: 21/21
 14742 | Lair:5   | 14742 ||| FLEEEEING.
 14747 | Lair:5   | 14747 ||| FLEEEEING.
 14748 | Lair:5   | 14748 ||| Stepping ~*~*~tactically~*~*~ (cloud).
 14752 | Lair:5   | 14752 ||| Stepping ~*~*~tactically~*~*~ (hiding).
 14767 | Lair:5   | 14767 ||| INVOKING Heroism.
 14799 | Lair:5   | 14799 ||| Stepping ~*~*~tactically~*~*~ (stealth).
 14842 | Lair:5   | 14842 ||| INVOKING Heroism.
 14842 | Lair:5   | Paralysed by a floating eye for 2 turns
 14865 | Lair:5   | 14865 ||| Stepping ~*~*~tactically~*~*~ (stealth).
 14927 | Lair:5   | 14927 ||| INVOKING Heroism.
 14931 | Lair:5   | Reached skill level 15 in Axes
 14932 | Lair:5   | Received a gift from Okawaru
 14957 | Lair:5   | 14957 ||| SWAPPING to +2 war axe of flaming.
 14958 | Lair:5   | 14958 ||| DROPPING +0 flail.
 14959 | Lair:5   | 14959 ||| DROPPING +1 war axe of draining.
 14981 | Lair:5   | Found a corrupted altar of Lugonu.
 14981 | Lair:5   | Found a one-way gate to the infinite horrors of the Abyss.
 15123 | Lair:5   | 15123 ||| Stepping ~*~*~tactically~*~*~ (stealth).
 15248 | Lair:5   | 15248 ||| Stepping ~*~*~tactically~*~*~ (stealth).
 15280 | Lair:5   | Found a staircase to the Slime Pits.
 15294 | Lair:5   | Found a viscous altar of Jiyva.
 15486 | Lair:5   | 15486 ||| INVOKING Heroism.
 15738 | Lair:5   | 15738 ||| PLANNING D:1-11
 15870 | D:10     | 15870 ||| Stepping ~*~*~tactically~*~*~ (stealth).
 15888 | D:10     | 15888 ||| Stepping ~*~*~tactically~*~*~ (stealth).
 15889 | D:10     | 15889 ||| INVOKING Heroism.
 15890 | D:10     | 15890 ||| INVOKING Finesse.
 16035 | D:10     | 16035 ||| Stepping ~*~*~tactically~*~*~ (stealth).
 16249 | D:10     | Found a glowing silver altar of Zin.
 16277 | D:10     | Found an opulent altar of Gozag.
 16278 | D:10     | 16278 ||| Stepping ~*~*~tactically~*~*~ (stealth).
 16364 | D:10     | Found Suip's Distillery.
 16376 | D:10     | 16376 ||| BUYING 2 potions of haste (260 gold).
 16376 | D:10     | Bought 2 potions of haste for 260 gold pieces
 16376 | D:10     | 16376 ||| BUYING potion of haste (130 gold).
 16376 | D:10     | Bought a potion of haste for 130 gold pieces
 16376 | D:10     | 16376 ||| BUYING potion of lignification (39 gold).
 16376 | D:10     | Bought a potion of lignification for 39 gold pieces
 16498 | D:10     | 16498 ||| Stepping ~*~*~tactically~*~*~ (stealth).
 16504 | D:10     | 16504 ||| Stepping ~*~*~tactically~*~*~ (stealth).
 16509 | D:10     | 16509 ||| UPGRADING to +0 helmet.
 16593 | D:11     | Noticed Urug
 16594 | D:11     | 16594 ||| INVOKING Heroism.
 16595 | D:11     | Noticed Erolcha
 16602 | D:11     | Killed Urug
 16610 | D:11     | 16610 ||| INVOKING Finesse.
 16610 | D:11     | HP: 17/91 [skeletal warrior/+0 morningstar (19)]
 16611 | D:11     | 16611 ||| READING 4 scrolls of teleportation.
 16612 | D:11     | 16612 ||| DRINKING 6 potions of heal wounds.
 16654 | D:11     | 16654 ||| Stepping ~*~*~tactically~*~*~ (stealth).
 16655 | D:11     | 16655 ||| Stepping ~*~*~tactically~*~*~ (stealth).
 16676 | D:11     | 16676 ||| INVOKING Heroism.
 16771 | D:11     | 16771 ||| Stepping randomly (disturbance).
 16779 | D:11     | 16779 ||| Stepping ~*~*~tactically~*~*~ (hiding).
 16780 | D:11     | 16780 ||| Stepping ~*~*~tactically~*~*~ (hiding).
 16783 | D:11     | 16783 ||| INVOKING Heroism.
 16791 | D:11     | Reached skill level 12 in Fighting
 16861 | D:11     | 16861 ||| INVOKING Heroism.
 16862 | D:11     | 16862 ||| INVOKING Finesse.
 16871 | D:11     | Killed Erolcha
 16937 | D:11     | 16937 ||| READING scroll of enchant weapon.
 16937 | D:11     | 16937 ||| ENCHANTING +2 war axe of flaming.
 16968 | D:11     | 16968 ||| Stepping randomly (disturbance).
 17018 | D:11     | Found Manooxes's General Store.
 17024 | D:11     | 17024 ||| BUYING potion of heal wounds (50 gold).
 17024 | D:11     | Bought a potion of heal wounds for 50 gold pieces
 17024 | D:11     | 17024 ||| BUYING potion of lignification (30 gold).
 17024 | D:11     | Bought a potion of lignification for 30 gold pieces
 17024 | D:11     | 17024 ||| BUYING scroll of identify (20 gold).
 17024 | D:11     | Bought a scroll of identify for 20 gold pieces
 17200 | D:11     | 17200 ||| PLANNING D
 17218 | D:12     | 17218 ||| STAIRDANCE
 17256 | D:12     | Found Fiofawae's Self-Improvement Boutique.
 17316 | D:12     | 17316 ||| INVOKING Heroism.
 17325 | D:12     | Received a gift from Okawaru
 17353 | D:12     | 17353 ||| FLEEEEING.
 17354 | D:12     | 17354 ||| FLEEEEING.
 17359 | D:12     | Received a gift from Okawaru
 17369 | D:12     | 17369 ||| INVOKING Heroism.
 17375 | D:12     | HP: 22/92 [efreet/+2 scimitar of flaming (3)]
 17376 | D:12     | 17376 ||| READING 3 scrolls of teleportation.
 17377 | D:12     | 17377 ||| DRINKING 6 potions of heal wounds.
 17430 | D:12     | Found Ycidaca's Magic Scroll Boutique.
 17492 | D:12     | 17492 ||| BUYING scroll of enchant armour (97 gold).
 17492 | D:12     | Bought a scroll of enchant armour for 97 gold pieces
 17492 | D:12     | 17492 ||| BUYING scroll of enchant weapon (97 gold).
 17492 | D:12     | Bought a scroll of enchant weapon for 97 gold pieces
 17492 | D:12     | 17492 ||| BUYING scroll of identify (26 gold).
 17492 | D:12     | Bought a scroll of identify for 26 gold pieces
 17492 | D:12     | 17492 ||| SHOPLISTING scroll of identify (26 gold, have
                  | 14).
 17492 | D:12     | 17492 ||| READING scroll of enchant armour.
 17492 | D:12     | 17492 ||| ENCHANTING +0 pair of gloves.
 17493 | D:12     | 17493 ||| READING scroll of enchant weapon.
 17493 | D:12     | 17493 ||| ENCHANTING +3 war axe of flaming.
 17524 | D:12     | Reached XP level 15. HP: 88/96 MP: 22/22
 17599 | D:12     | Identified the ring of Moral Flaws {rF+ rC- rN+ rCorr
                  | Slay+4}
 17600 | D:12     | 17600 ||| Stepping ~*~*~tactically~*~*~ (hiding).
 17601 | D:12     | 17601 ||| Stepping ~*~*~tactically~*~*~ (hiding).
 17603 | D:12     | 17603 ||| Stepping ~*~*~tactically~*~*~ (hiding).
 17604 | D:12     | 17604 ||| Stepping ~*~*~tactically~*~*~ (hiding).
 17605 | D:12     | 17605 ||| Stepping ~*~*~tactically~*~*~ (hiding).
 17616 | D:12     | 17616 ||| INVOKING Heroism.
 17706 | D:12     | 17706 ||| Stepping ~*~*~tactically~*~*~ (stealth).
 17720 | D:12     | Received a gift from Okawaru
 17740 | D:12     | 17740 ||| Stepping ~*~*~tactically~*~*~ (hiding).
 17741 | D:12     | 17741 ||| Stepping ~*~*~tactically~*~*~ (hiding).
 17742 | D:12     | 17742 ||| Stepping ~*~*~tactically~*~*~ (hiding).
 17821 | D:12     | 17821 ||| Stepping ~*~*~tactically~*~*~ (stealth).
 17825 | D:12     | 17825 ||| Stepping ~*~*~tactically~*~*~ (stealth).
 17831 | D:12     | 17831 ||| Stepping ~*~*~tactically~*~*~ (stealth).
 17832 | D:12     | 17832 ||| Stepping ~*~*~tactically~*~*~ (stealth).
 17839 | D:12     | 17839 ||| READING scroll of enchant weapon.
 17839 | D:12     | 17839 ||| ENCHANTING +4 war axe of flaming.
 17886 | D:12     | 17886 ||| Stepping ~*~*~tactically~*~*~ (hiding).
 17888 | D:12     | 17888 ||| Stepping ~*~*~tactically~*~*~ (hiding).
 17970 | D:12     | Identified the +4 short sword of the Six Heavens {drain,
                  | rF+ Int+3}
 17986 | D:12     | Identified the +1 cloak of Card Tricks {Will+ rCorr Int+2}
 17998 | D:12     | Found the +8 demon trident "Rift" {distort, reach+}
 18013 | D:12     | 18013 ||| Stepping ~*~*~tactically~*~*~ (hiding).
 18148 | D:12     | 18148 ||| Stepping ~*~*~tactically~*~*~ (stealth).
 18149 | D:12     | 18149 ||| Stepping ~*~*~tactically~*~*~ (stealth).
 18313 | D:12     | Reached skill level 12 in Armour
 18340 | D:12     | 18340 ||| DROPPING orb of energy.
 18341 | D:12     | 18341 ||| UPGRADING to +1 cloak of Card Tricks {Will+ rCorr
                  | Int+2}.
 18346 | D:12     | 18346 ||| DROPPING amulet of guardian spirit.
 18347 | D:12     | 18347 ||| DROPPING ring of fire.
 18348 | D:12     | 18348 ||| DROPPING ring of wizardry.
 18376 | D:12     | 18376 ||| Stepping ~*~*~tactically~*~*~ (hiding).
 18528 | D:13     | Found a runed translucent gate.
 18530 | D:13     | Found a runed translucent gate.
 18530 | D:13     | Found a runed translucent gate.
 18533 | D:13     | Noticed qw's ghost (journeyman GrFi)
 18533 | D:13     | Noticed OceanMan's ghost (journeyman MiFi)
 18700 | D:13     | 18700 ||| INVOKING Finesse.
 18789 | D:13     | 18789 ||| READING scroll of enchant weapon.
 18789 | D:13     | 18789 ||| ENCHANTING +5 war axe of flaming.
 18931 | D:13     | Found Nadets's Antique Armour Emporium.
 18953 | D:13     | 18953 ||| SHOPLISTING shiny chain mail (150 gold, have
                  | 119).
 18953 | D:13     | 18953 ||| SHOPLISTING shiny plate armour (520 gold, have
                  | 119).
 18986 | D:13     | Found a portal to a secret trove of treasure.
 19121 | D:13     | 19121 ||| Stepping ~*~*~tactically~*~*~ (hiding).
 19123 | D:13     | 19123 ||| Stepping ~*~*~tactically~*~*~ (hiding).
 19136 | D:13     | 19136 ||| INVOKING Heroism.
 19141 | D:13     | 19141 ||| Stepping ~*~*~tactically~*~*~ (hiding).
 19142 | D:13     | 19142 ||| Stepping ~*~*~tactically~*~*~ (hiding).
 19143 | D:13     | 19143 ||| Stepping ~*~*~tactically~*~*~ (hiding).
 19144 | D:13     | Reached skill level 13 in Fighting
 19144 | D:13     | 19144 ||| Stepping ~*~*~tactically~*~*~ (hiding).
 19146 | D:13     | 19146 ||| Stepping ~*~*~tactically~*~*~ (hiding).
 19159 | D:13     | Received a gift from Okawaru
 19195 | D:13     | Found a gate to the Vaults.
 19491 | D:14     | 19491 ||| INVOKING Heroism.
 19701 | D:14     | 19701 ||| Stepping ~*~*~tactically~*~*~ (hiding).
 19809 | D:14     | Found a runed translucent gate.
 19809 | D:14     | Found a runed translucent gate.
 19809 | D:14     | Found a runed translucent gate.
 19818 | D:14     | 19818 ||| INVOKING Heroism.
 19834 | D:14     | Identified the +4 chain mail "Cobotrue" {rPois Str-2 Int+3}
                  | (Okawaru gifted it to you on level 14 of the Dungeon)
 19834 | D:14     | Received a gift from Okawaru
 19893 | D:14     | 19893 ||| Stepping ~*~*~tactically~*~*~ (hiding).
 20371 | D:14     | Noticed qw's ghost (journeyman GrFi)
 20394 | D:14     | 20394 ||| UPGRADING to +0 kite shield.
 20404 | D:14     | 20404 ||| DROPPING +0 buckler.
 20405 | D:14     | 20405 ||| DROPPING +4 chain mail "Cobotrue" {rPois Str-2
                  | Int+3}.
 20406 | D:14     | 20406 ||| UPGRADING to +2 pair of boots.
 20416 | D:14     | 20416 ||| DROPPING +1 pair of boots.
 20433 | D:15     | Entered Level 15 of the Dungeon
 20435 | D:15     | 20435 ||| INVOKING Heroism.
 20544 | D:15     | Reached skill level 9 in Shields
 20626 | D:15     | 20626 ||| INVOKING Heroism.
 20651 | D:15     | Found a staircase to the Depths.
 20682 | D:15     | 20682 ||| Stepping ~*~*~tactically~*~*~ (hiding).
 20685 | D:15     | 20685 ||| Stepping ~*~*~tactically~*~*~ (hiding).
 20758 | D:15     | 20758 ||| INVOKING Heroism.
 20759 | D:15     | 20759 ||| INVOKING Finesse.
 20760 | D:15     | 20760 ||| Stepping ~*~*~tactically~*~*~ (hiding).
 20772 | D:15     | 20772 ||| Stepping ~*~*~tactically~*~*~ (hiding).
 20774 | D:15     | 20774 ||| Stepping ~*~*~tactically~*~*~ (hiding).
 20934 | D:15     | 20934 ||| INVOKING Heroism.
 20945 | D:15     | 20945 ||| Stepping ~*~*~tactically~*~*~ (cloud).
 20951 | D:15     | 20951 ||| Stepping ~*~*~tactically~*~*~ (cloud).
 21128 | D:15     | 21128 ||| PLANNING ORC
 21128 | D:15     | 21128 ||| READING 12 scrolls of identify.
 21128 | D:15     | 21128 ||| IDENTIFYING fuming orange potion
 21129 | D:15     | 21129 ||| DROPPING potion of invisibility.
 21251 | Orc:1    | Entered Level 1 of the Orcish Mines
 21255 | Orc:1    | 21255 ||| INVOKING Heroism.
 21282 | Orc:1    | Reached XP level 16. HP: 104/104 MP: 23/23
 21544 | Orc:2    | Entered Level 2 of the Orcish Mines
 21550 | Orc:2    | 21550 ||| Stepping ~*~*~tactically~*~*~ (stealth).
 21552 | Orc:2    | 21552 ||| Stepping ~*~*~tactically~*~*~ (stealth).
 21553 | Orc:2    | 21553 ||| Stepping ~*~*~tactically~*~*~ (stealth).
 21555 | Orc:2    | 21555 ||| Stepping ~*~*~tactically~*~*~ (hiding).
 21573 | Orc:2    | 21573 ||| Stepping ~*~*~tactically~*~*~ (hiding).
 21603 | Orc:2    | 21603 ||| INVOKING Heroism.
 21641 | Orc:2    | Found a staircase to the Elven Halls.
 21665 | Orc:2    | 21665 ||| Stepping ~*~*~tactically~*~*~ (hiding).
 21666 | Orc:2    | 21666 ||| INVOKING Heroism.
 21717 | Orc:2    | 21717 ||| Stepping ~*~*~tactically~*~*~ (hiding).
 21743 | Orc:2    | 21743 ||| INVOKING Heroism.
 21750 | Orc:2    | Reached skill level 12 in Shields
 21786 | Orc:2    | Found Puloe's Armour Shop.
 21786 | Orc:2    | Found Eqiek's Distillery.
 21788 | Orc:2    | Found Guexoed's Book Shop.
 21788 | Orc:2    | Found Plog's Distillery.
 21790 | Orc:2    | 21790 ||| Stepping ~*~*~tactically~*~*~ (hiding).
 21791 | Orc:2    | 21791 ||| Stepping ~*~*~tactically~*~*~ (hiding).
 21805 | Orc:2    | 21805 ||| Stepping ~*~*~tactically~*~*~ (hiding).
 21813 | Orc:2    | 21813 ||| INVOKING Heroism.
 22206 | Orc:2    | 22206 ||| BUYING potion of curing (36 gold).
 22206 | Orc:2    | Bought a potion of curing for 36 gold pieces
 22206 | Orc:2    | 22206 ||| BUYING potion of curing (36 gold).
 22206 | Orc:2    | Bought a potion of curing for 36 gold pieces
 22206 | Orc:2    | 22206 ||| BUYING potion of heal wounds (60 gold).
 22206 | Orc:2    | Bought a potion of heal wounds for 60 gold pieces
 22206 | Orc:2    | 22206 ||| BUYING potion of mutation (96 gold).
 22206 | Orc:2    | Bought a potion of mutation for 96 gold pieces
 22208 | Orc:2    | 22208 ||| BUYING potion of curing (36 gold).
 22208 | Orc:2    | Bought a potion of curing for 36 gold pieces
 22208 | Orc:2    | 22208 ||| BUYING potion of might (48 gold).
 22208 | Orc:2    | Bought a potion of might for 48 gold pieces
 22208 | Orc:2    | 22208 ||| BUYING potion of mutation (96 gold).
 22208 | Orc:2    | Bought a potion of mutation for 96 gold pieces
 22304 | Orc:2    | 22304 ||| PLANNING SHOALS:1-3
 22469 | Shoals:1 | Entered Level 1 of the Shoals
 22469 | Shoals:1 | Noticed Josephine
 22484 | Shoals:1 | Killed Josephine
 22488 | Shoals:1 | 22488 ||| INVOKING Heroism.
 22638 | Shoals:1 | 22638 ||| Stepping ~*~*~tactically~*~*~ (hiding).
 22641 | Shoals:1 | 22641 ||| INVOKING Heroism.
 22662 | Shoals:1 | Reached skill level 6 in Throwing
 22664 | Shoals:1 | 22664 ||| Stepping ~*~*~tactically~*~*~ (hiding).
 22726 | Shoals:1 | 22726 ||| Stepping ~*~*~tactically~*~*~ (hiding).
 22728 | Shoals:1 | 22728 ||| Stepping ~*~*~tactically~*~*~ (hiding).
 22759 | Shoals:1 | Received a gift from Okawaru
 22771 | Shoals:1 | Identified the +4 buckler "Qiohijum" {rF+ rN+}
 22774 | Shoals:1 | 22774 ||| Stepping ~*~*~tactically~*~*~ (hiding).
 22775 | Shoals:1 | 22775 ||| Stepping ~*~*~tactically~*~*~ (hiding).
 22776 | Shoals:1 | 22776 ||| Stepping ~*~*~tactically~*~*~ (stealth).
 23153 | Shoals:1 | Noticed a kraken
 23161 | Shoals:1 | Killed a kraken
 23398 | Shoals:1 | 23398 ||| INVOKING Heroism.
 23427 | Shoals:1 | HP: 21/105 [merfolk impaler/+0 trident (6)]
 23428 | Shoals:1 | 23428 ||| READING 4 scrolls of teleportation.
 23429 | Shoals:1 | 23429 ||| DRINKING 10 potions of heal wounds.
 23617 | Shoals:2 | 23617 ||| INVOKING Heroism.
 23667 | Shoals:2 | 23667 ||| INVOKING Heroism.
 23676 | Shoals:2 | Noticed Mlioglotl
 23684 | Shoals:2 | Noticed a tentacled starspawn
 23689 | Shoals:2 | Reached skill level 14 in Fighting
 23690 | Shoals:2 | Paralysed by accursed screaming for 1 turns
 23694 | Shoals:2 | HP: 21/106 [Mlioglotl (10)]
 23695 | Shoals:2 | 23695 ||| READING 3 scrolls of teleportation.
 23696 | Shoals:2 | 23696 ||| DRINKING 9 potions of heal wounds.
 23871 | Shoals:2 | Received a gift from Okawaru
 23898 | Shoals:2 | 23898 ||| Stepping ~*~*~tactically~*~*~ (hiding).
 23982 | Shoals:2 | 23982 ||| INVOKING Heroism.
 23983 | Shoals:2 | 23983 ||| INVOKING Finesse.
 24063 | Shoals:2 | 24063 ||| INVOKING Heroism.
 24074 | Shoals:2 | Noticed a bone dragon
 24078 | Shoals:2 | Killed Mlioglotl
 24083 | Shoals:2 | 24083 ||| Stepping ~*~*~tactically~*~*~ (stealth).
 24283 | Shoals:2 | Found Peuhug's Armour Boutique.
 24295 | Shoals:2 | 24295 ||| BUYING +2 kite shield of cold resistance (301
                  | gold).
 24295 | Shoals:2 | Bought a +2 kite shield of cold resistance for 301 gold
                  | pieces
 24295 | Shoals:2 | 24295 ||| BUYING +2 pair of gloves of strength (301 gold).
 24295 | Shoals:2 | Bought a +2 pair of gloves of strength for 301 gold pieces
 24295 | Shoals:2 | 24295 ||| SHOPLISTING +2 plate armour of poison resistance
                  | (518 gold, have 101).
 24475 | Shoals:2 | 24475 ||| DROPPING +4 buckler "Qiohijum" {rF+ rN+}.
 24476 | Shoals:2 | 24476 ||| UPGRADING to +2 kite shield of cold resistance.
 24486 | Shoals:2 | 24486 ||| DROPPING +0 kite shield.
 24487 | Shoals:2 | 24487 ||| UPGRADING to +2 pair of gloves of strength.
 24497 | Shoals:2 | 24497 ||| DROPPING +1 pair of gloves.
 24498 | Shoals:2 | 24498 ||| UPGRADING to ring of Moral Flaws {rF+ rC- rN+
                  | rCorr Slay+4}.
 24525 | Shoals:3 | 24525 ||| Stepping ~*~*~tactically~*~*~ (hiding).
 24526 | Shoals:3 | 24526 ||| Stepping ~*~*~tactically~*~*~ (hiding).
 24533 | Shoals:3 | Noticed Ilsuiw
 24534 | Shoals:3 | 24534 ||| INVOKING Heroism.
 24597 | Shoals:3 | 24597 ||| FLEEEEING.
 24598 | Shoals:3 | 24598 ||| FLEEEEING.
 24599 | Shoals:3 | 24599 ||| STAIRDANCE
 24616 | Shoals:3 | 24616 ||| INVOKING Heroism.
 24623 | Shoals:3 | Killed Ilsuiw
 24719 | Shoals:3 | 24719 ||| INVOKING Heroism.
 24746 | Shoals:3 | Received a gift from Okawaru
 24747 | Shoals:3 | Reached XP level 17. HP: 111/111 MP: 24/24
 24866 | Shoals:3 | Found a runed translucent door.
 24871 | Shoals:3 | 24871 ||| INVOKING Heroism.
 24880 | Shoals:3 | Noticed qw's ghost (adept GrFi)
 24960 | Shoals:3 | 24960 ||| INVOKING Heroism.
 25039 | Shoals:3 | 25039 ||| Stepping ~*~*~tactically~*~*~ (hiding).
 25061 | Shoals:3 | Noticed Polyphemus
 25061 | Shoals:3 | 25061 ||| INVOKING Heroism.
 25077 | Shoals:3 | Killed Polyphemus
 25077 | Shoals:3 | Received a gift from Okawaru
 25130 | Shoals:3 | 25130 ||| INVOKING Heroism.
 25143 | Shoals:3 | Reached skill level 6 in Dodging
 25490 | Shoals:3 | 25490 ||| Stepping ~*~*~tactically~*~*~ (stealth).
 25495 | Shoals:3 | 25495 ||| Stepping ~*~*~tactically~*~*~ (hiding).
 25496 | Shoals:3 | 25496 ||| Stepping ~*~*~tactically~*~*~ (hiding).
 25497 | Shoals:3 | 25497 ||| Stepping ~*~*~tactically~*~*~ (hiding).
 25498 | Shoals:3 | 25498 ||| Stepping ~*~*~tactically~*~*~ (hiding).
 25499 | Shoals:3 | 25499 ||| Stepping ~*~*~tactically~*~*~ (hiding).
 25675 | Shoals:3 | 25675 ||| PLANNING SNAKE:1-3
 25814 | Snake:1  | Entered Level 1 of the Snake Pit
 25907 | Snake:1  | 25907 ||| Stepping ~*~*~tactically~*~*~ (hiding).
 25909 | Snake:1  | 25909 ||| INVOKING Heroism.
 25955 | Snake:1  | 25955 ||| Stepping ~*~*~tactically~*~*~ (stealth).
 26007 | Snake:1  | 26007 ||| Stepping ~*~*~tactically~*~*~ (hiding).
 26081 | Snake:1  | 26081 ||| Stepping ~*~*~tactically~*~*~ (hiding).
 26149 | Snake:1  | Reached skill level 15 in Fighting
 26217 | Snake:1  | 26217 ||| INVOKING Heroism.
 26219 | Snake:1  | Noticed Agnes
 26229 | Snake:1  | Killed Agnes
 26229 | Snake:1  | Received a gift from Okawaru
 26352 | Snake:1  | 26352 ||| INVOKING Heroism.
 26791 | Snake:2  | 26791 ||| INVOKING Heroism.
 26925 | Snake:2  | 26925 ||| INVOKING Heroism.
 26945 | Snake:2  | Reached skill level 15 in Armour
 26987 | Snake:2  | Received a gift from Okawaru
 27007 | Snake:2  | 27007 ||| INVOKING Heroism.
 27172 | Snake:2  | Identified the +5 rapier of the Reaper {elec, Str+4 SInv}
 27357 | Snake:2  | 27357 ||| INVOKING Heroism.
 27427 | Snake:2  | 27427 ||| Stepping ~*~*~tactically~*~*~ (stealth).
 27429 | Snake:2  | 27429 ||| Stepping ~*~*~tactically~*~*~ (hiding).
 27436 | Snake:2  | Reached skill level 9 in Throwing
 27440 | Snake:2  | 27440 ||| Stepping ~*~*~tactically~*~*~ (hiding).
 27459 | Snake:2  | 27459 ||| INVOKING Heroism.
 27462 | Snake:2  | 27462 ||| Stepping ~*~*~tactically~*~*~ (hiding).
 27529 | Snake:2  | 27529 ||| Stepping ~*~*~tactically~*~*~ (hiding).
 27536 | Snake:2  | Reached skill level 15 in Shields
 27586 | Snake:2  | Reached XP level 18. HP: 119/119 MP: 25/25
 27727 | Snake:2  | 27727 ||| UPGRADING to +1 tower shield of protection.
 27737 | Snake:2  | 27737 ||| DROPPING +2 kite shield of cold resistance.
 27738 | Snake:2  | 27738 ||| UPGRADING to +5 ring of evasion.
 27740 | Snake:2  | 27740 ||| READING 16 scrolls of identify.
 27740 | Snake:2  | 27740 ||| IDENTIFYING grey potion
 27786 | Snake:3  | 27786 ||| INVOKING Heroism.
 27811 | Snake:3  | 27811 ||| READING scroll of enchant weapon.
 27811 | Snake:3  | 27811 ||| ENCHANTING +6 war axe of flaming.
 27969 | Snake:3  | 27969 ||| Stepping ~*~*~tactically~*~*~ (hiding).
 27986 | Snake:3  | Noticed Aizul
 27987 | Snake:3  | 27987 ||| INVOKING Heroism.
 27988 | Snake:3  | 27988 ||| INVOKING Finesse.
 27998 | Snake:3  | Killed Aizul
 28041 | Snake:3  | 28041 ||| SWAPPING to +0 broad axe of electrocution.
 28042 | Snake:3  | 28042 ||| DROPPING +7 war axe of flaming.
 28066 | Snake:3  | 28066 ||| Stepping ~*~*~tactically~*~*~ (hiding).
 28226 | Snake:3  | 28226 ||| Stepping ~*~*~tactically~*~*~ (hiding).
 28243 | Snake:3  | Received a gift from Okawaru
 28259 | Snake:3  | 28259 ||| Stepping ~*~*~tactically~*~*~ (hiding).
 28263 | Snake:3  | 28263 ||| Stepping ~*~*~tactically~*~*~ (hiding).
 28264 | Snake:3  | 28264 ||| Stepping ~*~*~tactically~*~*~ (hiding).
 28266 | Snake:3  | 28266 ||| Stepping ~*~*~tactically~*~*~ (hiding).
 28275 | Snake:3  | 28275 ||| Stepping ~*~*~tactically~*~*~ (hiding).
 28276 | Snake:3  | 28276 ||| Stepping ~*~*~tactically~*~*~ (hiding).
 28311 | Snake:3  | 28311 ||| Stepping ~*~*~tactically~*~*~ (hiding).
 28313 | Snake:3  | 28313 ||| INVOKING Heroism.
 28339 | Snake:3  | 28339 ||| Stepping ~*~*~tactically~*~*~ (hiding).
 28340 | Snake:3  | 28340 ||| Stepping ~*~*~tactically~*~*~ (hiding).
 28643 | Snake:3  | 28643 ||| INVOKING Heroism.
 28755 | Snake:3  | Received a gift from Okawaru
 28769 | Snake:3  | 28769 ||| INVOKING Heroism.
 28899 | Snake:3  | 28899 ||| PLANNING SHOALS:4
 28899 | Snake:3  | 28899 ||| DROPPING +6 ring of dexterity.
 28900 | Snake:3  | 28900 ||| READING scroll labelled DUS YRYISOT.
 29168 | Shoals:4 | Entered Level 4 of the Shoals
 29181 | Shoals:4 | 29181 ||| INVOKING Heroism.
 29221 | Shoals:4 | 29221 ||| INVOKING Heroism.
 29229 | Shoals:4 | 29229 ||| Stepping ~*~*~tactically~*~*~ (hiding).
 29231 | Shoals:4 | 29231 ||| Stepping ~*~*~tactically~*~*~ (stealth).
 29239 | Shoals:4 | 29239 ||| INVOKING Heroism.
 29251 | Shoals:4 | Received a gift from Okawaru
 29363 | Shoals:4 | 29363 ||| Stepping ~*~*~tactically~*~*~ (hiding).
 29369 | Shoals:4 | 29369 ||| INVOKING Heroism.
 29377 | Shoals:4 | 29377 ||| Stepping ~*~*~tactically~*~*~ (hiding).
 29378 | Shoals:4 | 29378 ||| Stepping ~*~*~tactically~*~*~ (hiding).
 29380 | Shoals:4 | 29380 ||| Stepping ~*~*~tactically~*~*~ (hiding).
 29381 | Shoals:4 | 29381 ||| Stepping ~*~*~tactically~*~*~ (hiding).
 29390 | Shoals:4 | Received a gift from Okawaru
 29429 | Shoals:4 | 29429 ||| INVOKING Heroism.
 29438 | Shoals:4 | Received a gift from Okawaru
 29453 | Shoals:4 | 29453 ||| Stepping ~*~*~tactically~*~*~ (stealth).
 29454 | Shoals:4 | 29454 ||| Stepping ~*~*~tactically~*~*~ (stealth).
 29456 | Shoals:4 | 29456 ||| Stepping ~*~*~tactically~*~*~ (hiding).
 29459 | Shoals:4 | 29459 ||| Stepping ~*~*~tactically~*~*~ (hiding).
 29466 | Shoals:4 | 29466 ||| Stepping ~*~*~tactically~*~*~ (hiding).
 29553 | Shoals:4 | 29553 ||| Stepping ~*~*~tactically~*~*~ (hiding).
 29852 | Shoals:4 | 29852 ||| INVOKING Heroism.
 29925 | Shoals:4 | 29925 ||| READING scroll of enchant weapon.
 29925 | Shoals:4 | 29925 ||| ENCHANTING +0 broad axe of electrocution.
 29966 | Shoals:4 | 29966 ||| Stepping ~*~*~tactically~*~*~ (stealth).
 29968 | Shoals:4 | 29968 ||| INVOKING Heroism.
 30026 | Shoals:4 | 30026 ||| INVOKING Heroism.
 30223 | Shoals:4 | Identified the +0 flail "Nomaof" {flame, rCorr}
 30299 | Shoals:4 | Got a barnacled rune of Zot
 30303 | Shoals:4 | 30303 ||| PLANNING VAULTS:1-4
 30506 | Vaults:1 | Entered Level 1 of the Vaults
 30559 | Vaults:1 | 30559 ||| INVOKING Heroism.
 30935 | Vaults:1 | 30935 ||| READING scroll of enchant weapon.
 30935 | Vaults:1 | 30935 ||| ENCHANTING +1 broad axe of electrocution.
 30956 | Vaults:1 | 30956 ||| Stepping ~*~*~tactically~*~*~ (hiding).
 30981 | Vaults:1 | 30981 ||| INVOKING Heroism.
 31058 | Vaults:1 | 31058 ||| Stepping ~*~*~tactically~*~*~ (hiding).
 31060 | Vaults:1 | 31060 ||| Stepping ~*~*~tactically~*~*~ (hiding).
 31061 | Vaults:1 | 31061 ||| Stepping ~*~*~tactically~*~*~ (hiding).
 31154 | Vaults:1 | Reached XP level 19. HP: 110/124 MP: 26/26
 31370 | Vaults:1 | Found a runed translucent gate.
 31371 | Vaults:1 | Found a runed translucent gate.
 31371 | Vaults:1 | Found a runed translucent gate.
 31372 | Vaults:1 | Noticed qw's ghost (adept GrFi)
 31450 | Vaults:1 | 31450 ||| DROPPING +6 ring of intelligence.
 31560 | Vaults:1 | 31560 ||| INVOKING Heroism.
 31775 | Vaults:1 | Found an iron altar of Okawaru.
 31799 | Vaults:2 | 31799 ||| PLANNING BAZAAR
 31809 | Vaults:2 | Received a gift from Okawaru
 31833 | Vaults:2 | 31833 ||| Stepping ~*~*~tactically~*~*~ (stealth).
 31861 | Vaults:2 | Reached skill level 18 in Axes
 31950 | Vaults:2 | Identified the ring of Zaugauh {Fly rPois Int+4}
 31971 | Vaults:2 | Reached skill level 18 in Shields
 32033 | Vaults:2 | Received a gift from Okawaru
 32041 | Vaults:2 | 32041 ||| SWAPPING to +3 vampiric war axe.
 32056 | Vaults:2 | Identified the amulet "Geod" {RegenMP Will+ Regen+ Str+5}
 32087 | Vaults:2 | 32087 ||| Stepping ~*~*~tactically~*~*~ (stealth).
 32089 | Vaults:2 | 32089 ||| Stepping ~*~*~tactically~*~*~ (stealth).
 32092 | Vaults:2 | 32092 ||| Stepping ~*~*~tactically~*~*~ (stealth).
 32101 | Vaults:2 | 32101 ||| INVOKING Heroism.
 32117 | Vaults:2 | HP: 11/124 [titanic slime creature (113)]
 32118 | Vaults:2 | 32118 ||| READING 5 scrolls of teleportation.
 32119 | Vaults:2 | 32119 ||| DRINKING 10 potions of heal wounds.
 32139 | Vaults:2 | Received a gift from Okawaru
 32279 | Vaults:2 | Found a staircase to the Crypt.
 32282 | Vaults:2 | 32282 ||| Stepping ~*~*~tactically~*~*~ (stealth).
 32290 | Vaults:2 | 32290 ||| Stepping ~*~*~tactically~*~*~ (hiding).
 32377 | Vaults:2 | 32377 ||| INVOKING Heroism.
 32552 | Vaults:2 | 32552 ||| Stepping ~*~*~tactically~*~*~ (hiding).
 32569 | Vaults:2 | 32569 ||| DRINKING 13 potions of curing.
 32569 | Vaults:2 | 32569 ||| (to cure confusion)
 32613 | Vaults:2 | Reached skill level 16 in Fighting
 32623 | Vaults:2 | Received a gift from Okawaru
 32745 | Vaults:2 | 32745 ||| Stepping ~*~*~tactically~*~*~ (stealth).
 32746 | Vaults:2 | 32746 ||| Stepping ~*~*~tactically~*~*~ (stealth).
 32750 | Vaults:2 | 32750 ||| INVOKING Heroism.
 32797 | Vaults:2 | Found a flickering gateway to a bazaar.
 32798 | Vaults:2 | 32798 ||| UPGRADING to amulet "Geod" {RegenMP Will+ Regen+
                  | Str+5}.
 32808 | Vaults:2 | 32808 ||| DROPPING amulet of regeneration.
 32809 | Vaults:2 | 32809 ||| DROPPING ring of Zaugauh {Fly rPois Int+4}.
 32818 | Vaults:2 | 32818 ||| RIP BAZAAR
 32819 | Vaults:2 | 32819 ||| PLANNING VAULTS:1-4
 32957 | Vaults:2 | Received a gift from Okawaru
 32982 | Vaults:2 | 32982 ||| Stepping ~*~*~tactically~*~*~ (stealth).
 33040 | Vaults:2 | Reached ****** piety under Okawaru
 33139 | Vaults:2 | You are sucked into a shaft and drop 1 floor!
 33173 | Vaults:3 | 33173 ||| INVOKING Heroism.
 33175 | Vaults:3 | Identified the +6 trident of Okawaru's Pride {freeze, rC-
                  | rCorr Str+3 Int+3} (Okawaru gifted it to you on level 3 of
                  | the Vaults)
 33175 | Vaults:3 | Received a gift from Okawaru
 33200 | Vaults:3 | 33200 ||| Stepping ~*~*~tactically~*~*~ (stealth).
 33202 | Vaults:3 | 33202 ||| Stepping ~*~*~tactically~*~*~ (hiding).
 33203 | Vaults:3 | 33203 ||| Stepping ~*~*~tactically~*~*~ (hiding).
 33258 | Vaults:3 | Reached XP level 20. HP: 131/131 MP: 27/27
 33509 | Vaults:2 | 33509 ||| READING scroll of enchant weapon.
 33509 | Vaults:2 | 33509 ||| ENCHANTING +3 vampiric war axe.
 33689 | Vaults:3 | 33689 ||| Stepping ~*~*~tactically~*~*~ (hiding).
 33691 | Vaults:3 | 33691 ||| Stepping ~*~*~tactically~*~*~ (hiding).
 33752 | Vaults:3 | 33752 ||| READING scroll of enchant weapon.
 33752 | Vaults:3 | 33752 ||| ENCHANTING +4 vampiric war axe.
 33784 | Vaults:3 | 33784 ||| Stepping ~*~*~tactically~*~*~ (stealth).
 33899 | Vaults:3 | 33899 ||| Stepping ~*~*~tactically~*~*~ (hiding).
 33906 | Vaults:3 | Received a gift from Okawaru
 34046 | Vaults:3 | Reached skill level 17 in Fighting
 34090 | Vaults:3 | Identified the +0 helmet of Oradak {-Cast rPois Slay+3}
                  | (Okawaru gifted it to you on level 3 of the Vaults)
 34090 | Vaults:3 | Received a gift from Okawaru
 34140 | Vaults:3 | 34140 ||| Stepping ~*~*~tactically~*~*~ (hiding).
 34157 | Vaults:3 | 34157 ||| Stepping ~*~*~tactically~*~*~ (hiding).
 34179 | Vaults:3 | 34179 ||| Stepping ~*~*~tactically~*~*~ (hiding).
 34309 | Vaults:3 | Found Hixkugiurgh's Weapon Boutique.
 34363 | Vaults:3 | 34363 ||| Stepping ~*~*~tactically~*~*~ (hiding).
 34593 | Vaults:3 | 34593 ||| Stepping ~*~*~tactically~*~*~ (hiding).
 34652 | Vaults:3 | 34652 ||| Stepping ~*~*~tactically~*~*~ (hiding).
 34653 | Vaults:3 | 34653 ||| Stepping ~*~*~tactically~*~*~ (hiding).
 34756 | Vaults:3 | 34756 ||| UPGRADING to +0 helmet of Oradak {-Cast rPois
                  | Slay+3}.
 34766 | Vaults:3 | 34766 ||| DROPPING +0 helmet.
 34767 | Vaults:3 | 34767 ||| DROPPING +0 plate armour of poison resistance.
 34857 | Vaults:3 | 34857 ||| Stepping ~*~*~tactically~*~*~ (stealth).
 34859 | Vaults:3 | 34859 ||| Stepping ~*~*~tactically~*~*~ (hiding).
 35152 | Vaults:3 | 35152 ||| READING scroll labelled REL VUSHRUN.
 35278 | Vaults:4 | 35278 ||| Stepping ~*~*~tactically~*~*~ (hiding).
 35279 | Vaults:4 | 35279 ||| Stepping ~*~*~tactically~*~*~ (hiding).
 35296 | Vaults:4 | 35296 ||| Stepping ~*~*~tactically~*~*~ (hiding).
 35298 | Vaults:4 | 35298 ||| Stepping ~*~*~tactically~*~*~ (hiding).
 35299 | Vaults:4 | 35299 ||| Stepping ~*~*~tactically~*~*~ (hiding).
 35300 | Vaults:4 | 35300 ||| Stepping ~*~*~tactically~*~*~ (hiding).
 35301 | Vaults:4 | 35301 ||| Stepping ~*~*~tactically~*~*~ (hiding).
 35324 | Vaults:4 | 35324 ||| Stepping ~*~*~tactically~*~*~ (hiding).
 35334 | Vaults:4 | 35334 ||| Stepping ~*~*~tactically~*~*~ (hiding).
 35464 | Vaults:4 | Found Yrusch's Magic Scroll Shoppe.
 35480 | Vaults:4 | 35480 ||| BUYING scroll of teleportation (39 gold).
 35480 | Vaults:4 | Bought a scroll of teleportation for 39 gold pieces
 35480 | Vaults:4 | 35480 ||| BUYING scroll of teleportation (39 gold).
 35480 | Vaults:4 | Bought a scroll of teleportation for 39 gold pieces
 35480 | Vaults:4 | 35480 ||| BUYING scroll of teleportation (39 gold).
 35480 | Vaults:4 | Bought a scroll of teleportation for 39 gold pieces
 35683 | Vaults:4 | 35683 ||| Stepping ~*~*~tactically~*~*~ (hiding).
 35801 | Vaults:4 | 35801 ||| Stepping ~*~*~tactically~*~*~ (hiding).
 35867 | Vaults:4 | 35867 ||| Stepping ~*~*~tactically~*~*~ (stealth).
 35869 | Vaults:4 | 35869 ||| Stepping ~*~*~tactically~*~*~ (stealth).
 35871 | Vaults:4 | 35871 ||| Stepping ~*~*~tactically~*~*~ (stealth).
 35876 | Vaults:4 | 35876 ||| Stepping ~*~*~tactically~*~*~ (hiding).
 35879 | Vaults:4 | 35879 ||| Stepping ~*~*~tactically~*~*~ (hiding).
 35962 | Vaults:4 | Noticed Mara
 35963 | Vaults:4 | 35963 ||| Stepping ~*~*~tactically~*~*~ (hiding).
 35964 | Vaults:4 | 35964 ||| Stepping ~*~*~tactically~*~*~ (hiding).
 35966 | Vaults:4 | 35966 ||| INVOKING Heroism.
 35973 | Vaults:4 | 35973 ||| INVOKING Finesse.
 35976 | Vaults:4 | 35976 ||| Stepping ~*~*~tactically~*~*~ (hiding).
 35988 | Vaults:4 | Noticed qw's illusion
 35993 | Vaults:4 | Killed Mara
 36030 | Vaults:4 | Identified the +4 sling "Maniworch" {antimagic, Dex+2}
                  | (Okawaru gifted it to you on level 4 of the Vaults)
 36030 | Vaults:4 | Received a gift from Okawaru
 36076 | Vaults:4 | 36076 ||| Stepping ~*~*~tactically~*~*~ (hiding).
 36114 | Vaults:4 | Reached skill level 18 in Fighting
 36120 | Vaults:4 | Reached XP level 21. HP: 141/141 MP: 28/28
 36396 | Vaults:4 | Noticed Frederick
 36397 | Vaults:4 | 36397 ||| FLEEEEING.
 36398 | Vaults:4 | 36398 ||| FLEEEEING.
 36399 | Vaults:4 | 36399 ||| FLEEEEING.
 36400 | Vaults:4 | 36400 ||| FLEEEEING.
 36401 | Vaults:4 | 36401 ||| FLEEEEING.
 36402 | Vaults:4 | 36402 ||| FLEEEEING.
 36403 | Vaults:4 | 36403 ||| FLEEEEING.
 36408 | Vaults:4 | 36408 ||| FLEEEEING.
 36409 | Vaults:4 | 36409 ||| FLEEEEING.
 36410 | Vaults:4 | 36410 ||| FLEEEEING.
 36411 | Vaults:4 | 36411 ||| FLEEEEING.
 36412 | Vaults:4 | 36412 ||| FLEEEEING.
 36414 | Vaults:4 | 36414 ||| STAIRDANCE
 36516 | Vaults:3 | 36516 ||| DROPPING +0 chain mail of cold resistance.
 36520 | Vaults:4 | 36520 ||| INVOKING Heroism.
 36521 | Vaults:4 | 36521 ||| INVOKING Finesse.
 36544 | Vaults:4 | Killed Frederick
 36710 | Vaults:4 | Noticed Margery
 36711 | Vaults:4 | 36711 ||| DRINKING potion of resistance.
 36712 | Vaults:4 | 36712 ||| INVOKING Heroism.
 36713 | Vaults:4 | 36713 ||| INVOKING Finesse.
 36722 | Vaults:4 | Received a gift from Okawaru
 36742 | Vaults:4 | Killed Margery
 36814 | Vaults:4 | 36814 ||| PLANNING SNAKE:4
 37109 | Snake:4  | Entered Level 4 of the Snake Pit
 37109 | Snake:4  | Noticed Donald
 37122 | Snake:4  | 37122 ||| STAIRDANCE
 37124 | Snake:3  | 37124 ||| INVOKING Heroism.
 37141 | Snake:3  | Killed Donald
 37141 | Snake:3  | Received a gift from Okawaru
 37151 | Snake:3  | 37151 ||| UPGRADING to +2 plate armour of cold resistance.
 37161 | Snake:3  | 37161 ||| DROPPING +0 plate armour.
 37162 | Snake:3  | 37162 ||| DROPPING +1 chain mail of cold resistance.
 37163 | Snake:3  | 37163 ||| UPGRADING to ring of Moral Flaws {rF+ rC- rN+
                  | rCorr Slay+4}.
 37218 | Snake:4  | 37218 ||| Stepping ~*~*~tactically~*~*~ (hiding).
 37221 | Snake:4  | 37221 ||| Stepping ~*~*~tactically~*~*~ (hiding).
 37347 | Snake:4  | 37347 ||| Stepping ~*~*~tactically~*~*~ (hiding).
 37386 | Snake:4  | Received a gift from Okawaru
 37459 | Snake:4  | 37459 ||| Stepping ~*~*~tactically~*~*~ (hiding).
 37477 | Snake:4  | 37477 ||| Stepping ~*~*~tactically~*~*~ (stealth).
 37490 | Snake:4  | Reached skill level 18 in Armour
 37498 | Snake:4  | Found Siesys's Tiny Tomes.
 37542 | Snake:4  | 37542 ||| READING scroll of enchant weapon.
 37542 | Snake:4  | 37542 ||| ENCHANTING +5 vampiric war axe.
 37562 | Snake:4  | 37562 ||| Stepping ~*~*~tactically~*~*~ (hiding).
 37731 | Snake:4  | Received a gift from Okawaru
 37868 | Snake:4  | Received a gift from Okawaru
 37920 | Snake:4  | 37920 ||| DROPPING +2 broad axe of electrocution.
 37939 | Snake:4  | 37939 ||| Stepping ~*~*~tactically~*~*~ (hiding).
 37960 | Snake:4  | Reached skill level 19 in Fighting
 38005 | Snake:4  | Reached skill level 9 in Dodging
 38035 | Snake:4  | Got a serpentine rune of Zot
 38120 | Snake:4  | 38120 ||| Stepping ~*~*~tactically~*~*~ (hiding).
 38306 | Snake:4  | 38306 ||| PLANNING DEPTHS
 38552 | Depths:1 | Entered Level 1 of the Depths
 38553 | Depths:1 | Found a one-way gateway to a ziggurat.
 38594 | Depths:1 | 38594 ||| Stepping ~*~*~tactically~*~*~ (stealth).
 38598 | Depths:1 | 38598 ||| Stepping ~*~*~tactically~*~*~ (hiding).
 38724 | Depths:1 | 38724 ||| READING scroll of enchant armour.
 38724 | Depths:1 | 38724 ||| ENCHANTING +2 plate armour of cold resistance.
 38736 | Depths:1 | 38736 ||| INVOKING Heroism.
 38737 | Depths:1 | 38737 ||| INVOKING Finesse.
 38738 | Depths:1 | You are sucked into a shaft and drop 1 floor!
 38787 | Depths:1 | 38787 ||| INVOKING Heroism.
 38788 | Depths:1 | 38788 ||| INVOKING Finesse.
 38879 | Depths:1 | Received a gift from Okawaru
 38885 | Depths:1 | 38885 ||| INVOKING Heroism.
 38886 | Depths:1 | 38886 ||| INVOKING Finesse.
 38895 | Depths:1 | Reached XP level 22. HP: 149/149 MP: 25/29
 38947 | Depths:1 | 38947 ||| INVOKING Heroism.
 38982 | Depths:1 | Found a gateway to Hell.
 38989 | Depths:1 | 38989 ||| INVOKING Heroism.
 38990 | Depths:1 | 38990 ||| INVOKING Finesse.
 39266 | Depths:2 | 39266 ||| INVOKING Heroism.
 39517 | Depths:2 | 39517 ||| Stepping ~*~*~tactically~*~*~ (hiding).
 39581 | Depths:2 | Received a gift from Okawaru
 39583 | Depths:2 | 39583 ||| Stepping ~*~*~tactically~*~*~ (stealth).
 39639 | Depths:2 | 39639 ||| Stepping ~*~*~tactically~*~*~ (stealth).
 39641 | Depths:2 | 39641 ||| INVOKING Heroism.
 39642 | Depths:2 | 39642 ||| INVOKING Finesse.
 39664 | Depths:2 | 39664 ||| Stepping ~*~*~tactically~*~*~ (hiding).
 39714 | Depths:2 | 39714 ||| Stepping ~*~*~tactically~*~*~ (hiding).
 39734 | Depths:2 | 39734 ||| INVOKING Heroism.
 39735 | Depths:2 | 39735 ||| INVOKING Finesse.
 39892 | Depths:2 | 39892 ||| Stepping ~*~*~tactically~*~*~ (stealth).
 39894 | Depths:2 | 39894 ||| INVOKING Finesse.
 40141 | Depths:2 | 40141 ||| Stepping ~*~*~tactically~*~*~ (hiding).
 40168 | Depths:2 | 40168 ||| Stepping ~*~*~tactically~*~*~ (hiding).
 40185 | Depths:2 | Found a one-way gate leading to the halls of Pandemonium.
 40186 | Depths:2 | 40186 ||| INVOKING Heroism.
 40241 | Depths:2 | Found a sparkling altar of Nemelex Xobeh.
 40281 | Depths:2 | 40281 ||| Stepping ~*~*~tactically~*~*~ (hiding).
 40283 | Depths:2 | 40283 ||| INVOKING Heroism.
 40318 | Depths:2 | Noticed a caustic shrike
 40328 | Depths:2 | Killed a caustic shrike
 40328 | Depths:2 | Received a gift from Okawaru
 40365 | Depths:2 | 40365 ||| INVOKING Heroism.
 40391 | Depths:2 | Reached skill level 20 in Fighting
 40414 | Depths:2 | Identified the +4 spear "Nutt" {protect, Fly rF++ rC+ Will+
                  | Dex-4}
 40450 | Depths:2 | 40450 ||| DROPPING +6 ring of strength.
 40490 | Depths:3 | Found a corrupted altar of Lugonu.
 40514 | Depths:3 | 40514 ||| INVOKING Heroism.
 40627 | Depths:3 | Found a broken altar of Ashenzari.
 40650 | Depths:3 | 40650 ||| INVOKING Heroism.
 40654 | Depths:3 | Received a gift from Okawaru
 40868 | Depths:3 | 40868 ||| INVOKING Heroism.
 40938 | Depths:3 | 40938 ||| Stepping ~*~*~tactically~*~*~ (hiding).
 41325 | Depths:3 | Paralysed by a floating eye for 2 turns
 41399 | Depths:3 | 41399 ||| DROPPING ring of see invisible.
 41446 | Depths:4 | Entered Level 4 of the Depths
 41447 | Depths:4 | 41447 ||| INVOKING Heroism.
 41460 | Depths:4 | Received a gift from Okawaru
 41534 | Depths:4 | 41534 ||| INVOKING Heroism.
 41567 | Depths:4 | Reached XP level 23. HP: 156/156 MP: 30/30
 41575 | Depths:4 | Reached skill level 21 in Shields
 41620 | Depths:4 | 41620 ||| READING scroll of enchant weapon.
 41620 | Depths:4 | 41620 ||| ENCHANTING +6 vampiric war axe.
 41679 | Depths:4 | 41679 ||| Stepping ~*~*~tactically~*~*~ (hiding).
 41714 | Depths:4 | 41714 ||| Stepping ~*~*~tactically~*~*~ (hiding).
 41723 | Depths:4 | 41723 ||| Stepping ~*~*~tactically~*~*~ (hiding).
 41746 | Depths:4 | Found a gate to the Realm of Zot.
 41747 | Depths:4 | 41747 ||| Stepping ~*~*~tactically~*~*~ (stealth).
 41749 | Depths:4 | 41749 ||| Stepping ~*~*~tactically~*~*~ (stealth).
 41750 | Depths:4 | 41750 ||| INVOKING Heroism.
 41751 | Depths:4 | Noticed a golden dragon
 41753 | Depths:4 | 41753 ||| INVOKING Finesse.
 41757 | Depths:4 | Noticed a golden dragon
 41767 | Depths:4 | Killed a golden dragon
 41770 | Depths:4 | Killed a golden dragon
 41798 | Depths:4 | 41798 ||| Stepping ~*~*~tactically~*~*~ (hiding).
 41807 | Depths:4 | Received a gift from Okawaru
 41858 | Depths:4 | 41858 ||| Stepping ~*~*~tactically~*~*~ (hiding).
 42000 | Depths:4 | Received a gift from Okawaru
 42020 | Depths:4 | 42020 ||| INVOKING Finesse.
 42041 | Depths:4 | 42041 ||| Stepping ~*~*~tactically~*~*~ (hiding).
 42044 | Depths:4 | 42044 ||| Stepping ~*~*~tactically~*~*~ (hiding).
 42055 | Depths:4 | Reached skill level 21 in Fighting
 42068 | Depths:4 | 42068 ||| UPGRADING to +0 gold dragon scales.
 42078 | Depths:4 | 42078 ||| DROPPING +0 fire dragon scales.
 42079 | Depths:4 | 42079 ||| UPGRADING to +5 ring of evasion.
 42091 | Depths:3 | 42091 ||| INVOKING Heroism.
 42131 | Depths:3 | 42131 ||| Stepping ~*~*~tactically~*~*~ (hiding).
 42133 | Depths:3 | 42133 ||| Stepping ~*~*~tactically~*~*~ (hiding).
 42134 | Depths:3 | 42134 ||| Stepping ~*~*~tactically~*~*~ (hiding).
 42143 | Depths:3 | 42143 ||| INVOKING Finesse.
 42168 | Depths:3 | 42168 ||| INVOKING Heroism.
 42170 | Depths:3 | Received a gift from Okawaru
 42627 | Depths:4 | 42627 ||| INVOKING Heroism.
 42786 | Depths:4 | Received a gift from Okawaru
 42812 | Depths:4 | 42812 ||| Stepping ~*~*~tactically~*~*~ (hiding).
 42823 | Depths:4 | Reached skill level 21 in Armour
 42823 | Depths:4 | 42823 ||| Stepping ~*~*~tactically~*~*~ (hiding).
 42828 | Depths:4 | 42828 ||| INVOKING Heroism.
 42829 | Depths:4 | 42829 ||| Stepping ~*~*~tactically~*~*~ (stealth).
 42844 | Depths:4 | Noticed an ancient lich
 42851 | Depths:4 | Killed an ancient lich
 42854 | Depths:4 | Received a gift from Okawaru
 43052 | Depths:4 | 43052 ||| PLANNING VAULTS:5
 43388 | Vaults:5 | Entered Level 5 of the Vaults
 43389 | Vaults:5 | 43389 ||| INVOKING Heroism.
 43414 | Vaults:5 | Received a gift from Okawaru
 43429 | Vaults:5 | 43429 ||| STAIRDANCE
 43543 | Vaults:5 | 43543 ||| INVOKING Heroism.
 43577 | Vaults:5 | Received a gift from Okawaru
 43616 | Vaults:5 | Noticed a golden dragon
 43617 | Vaults:5 | 43617 ||| INVOKING Heroism.
 43633 | Vaults:5 | Killed a golden dragon
 43635 | Vaults:5 | Identified the +10 hand axe of Zish {heavy, +Blink rN+}
 43660 | Vaults:5 | Reached skill level 12 in Throwing
 43746 | Vaults:5 | Noticed a dread lich
 43746 | Vaults:5 | 43746 ||| Stepping ~*~*~tactically~*~*~ (stealth).
 43748 | Vaults:5 | 43748 ||| Stepping ~*~*~tactically~*~*~ (hiding).
 43766 | Vaults:5 | 43766 ||| INVOKING Heroism.
 43776 | Vaults:5 | Killed a dread lich
 43782 | Vaults:5 | Reached XP level 24. HP: 166/166 MP: 30/30
 43783 | Vaults:5 | Received a gift from Okawaru
 43856 | Vaults:5 | 43856 ||| Stepping ~*~*~tactically~*~*~ (stealth).
 43874 | Vaults:5 | 43874 ||| READING scroll of enchant weapon.
 43874 | Vaults:5 | 43874 ||| ENCHANTING +7 vampiric war axe.
 43878 | Vaults:5 | 43878 ||| Stepping ~*~*~tactically~*~*~ (hiding).
 43879 | Vaults:5 | 43879 ||| Stepping ~*~*~tactically~*~*~ (hiding).
 43890 | Vaults:5 | 43890 ||| INVOKING Heroism.
 43930 | Vaults:5 | 43930 ||| Stepping ~*~*~tactically~*~*~ (hiding).
 43973 | Vaults:5 | 43973 ||| Stepping ~*~*~tactically~*~*~ (stealth).
 43976 | Vaults:5 | 43976 ||| Stepping ~*~*~tactically~*~*~ (stealth).
 43977 | Vaults:5 | 43977 ||| Stepping ~*~*~tactically~*~*~ (stealth).
 44001 | Vaults:5 | Noticed a dread lich
 44002 | Vaults:5 | 44002 ||| INVOKING Heroism.
 44003 | Vaults:5 | 44003 ||| INVOKING Finesse.
 44022 | Vaults:5 | Killed a dread lich
 44023 | Vaults:5 | Reached skill level 22 in Fighting
 44032 | Vaults:5 | 44032 ||| Stepping ~*~*~tactically~*~*~ (stealth).
 44034 | Vaults:5 | 44034 ||| Stepping ~*~*~tactically~*~*~ (hiding).
 44037 | Vaults:5 | 44037 ||| INVOKING Heroism.
 44068 | Vaults:5 | Noticed an ancient lich
 44069 | Vaults:5 | 44069 ||| Stepping ~*~*~tactically~*~*~ (hiding).
 44080 | Vaults:5 | 44080 ||| Stepping ~*~*~tactically~*~*~ (hiding).
 44096 | Vaults:5 | Killed an ancient lich
 44129 | Vaults:5 | Got a silver rune of Zot
 44145 | Vaults:5 | 44145 ||| INVOKING Heroism.
 44146 | Vaults:5 | 44146 ||| Stepping ~*~*~tactically~*~*~ (hiding).
 44147 | Vaults:5 | 44147 ||| Stepping ~*~*~tactically~*~*~ (hiding).
 44148 | Vaults:5 | 44148 ||| Stepping ~*~*~tactically~*~*~ (hiding).
 44149 | Vaults:5 | 44149 ||| Stepping ~*~*~tactically~*~*~ (hiding).
 44160 | Vaults:5 | 44160 ||| Stepping ~*~*~tactically~*~*~ (hiding).
 44168 | Vaults:5 | Received a gift from Okawaru
 44171 | Vaults:5 | 44171 ||| Stepping ~*~*~tactically~*~*~ (hiding).
 44172 | Vaults:5 | 44172 ||| Stepping ~*~*~tactically~*~*~ (hiding).
 44201 | Vaults:5 | 44201 ||| INVOKING Heroism.
 44230 | Vaults:5 | 44230 ||| Stepping ~*~*~tactically~*~*~ (stealth).
 44232 | Vaults:5 | 44232 ||| Stepping ~*~*~tactically~*~*~ (stealth).
 44354 | Vaults:5 | 44354 ||| Stepping ~*~*~tactically~*~*~ (stealth).
 44411 | Vaults:5 | Identified the staff of cold "Mifuafyl" {rElec rC+ rN+
                  | Will++}
 44449 | Vaults:5 | 44449 ||| Stepping ~*~*~tactically~*~*~ (stealth).
 44455 | Vaults:5 | 44455 ||| Stepping ~*~*~tactically~*~*~ (stealth).
 44459 | Vaults:5 | 44459 ||| Stepping ~*~*~tactically~*~*~ (hiding).
 44460 | Vaults:5 | 44460 ||| Stepping ~*~*~tactically~*~*~ (hiding).
 44475 | Vaults:5 | 44475 ||| Stepping ~*~*~tactically~*~*~ (stealth).
 44476 | Vaults:5 | 44476 ||| INVOKING Heroism.
 44574 | Vaults:5 | Found Siov Mubesk's Magic Scroll Shop.
 44579 | Vaults:5 | 44579 ||| BUYING scroll of teleportation (42 gold).
 44579 | Vaults:5 | Bought a scroll of teleportation for 42 gold pieces
 44763 | Vaults:5 | 44763 ||| Stepping ~*~*~tactically~*~*~ (hiding).
 44768 | Vaults:5 | 44768 ||| Stepping ~*~*~tactically~*~*~ (hiding).
 44821 | Vaults:5 | Found Fockyame's Magic Scroll Emporium.
 44826 | Vaults:5 | 44826 ||| BUYING scroll of acquirement (1040 gold).
 44826 | Vaults:5 | Bought a scroll of acquirement for 1040 gold pieces
 44826 | Vaults:5 | 44826 ||| BUYING scroll of enchant armour (150 gold).
 44826 | Vaults:5 | Bought a scroll of enchant armour for 150 gold pieces
 44826 | Vaults:5 | 44826 ||| BUYING scroll of enchant weapon (150 gold).
 44826 | Vaults:5 | Bought a scroll of enchant weapon for 150 gold pieces
 44826 | Vaults:5 | 44826 ||| BUYING scroll of enchant weapon (150 gold).
 44826 | Vaults:5 | Bought a scroll of enchant weapon for 150 gold pieces
 44826 | Vaults:5 | 44826 ||| READING scroll of acquirement.
 44826 | Vaults:5 | 44826 ||| ACQUIRING 654 gold pieces
 44826 | Vaults:5 | Acquired 654 gold pieces
 44828 | Vaults:5 | 44828 ||| READING scroll of enchant armour.
 44828 | Vaults:5 | 44828 ||| ENCHANTING +0 gold dragon scales.
 44829 | Vaults:5 | 44829 ||| READING 2 scrolls of enchant weapon.
 44829 | Vaults:5 | 44829 ||| ENCHANTING +8 vampiric war axe.
 44933 | Vaults:5 | 44933 ||| Stepping ~*~*~tactically~*~*~ (stealth).
 44977 | Vaults:5 | 44977 ||| PLANNING SHOPPING SPREE
 44977 | Vaults:5 | 44977 ||| DROPPING +3 plate armour of cold resistance.
 44978 | Vaults:5 | 44978 ||| DROPPING +1 plate armour of cold resistance.
 44979 | Vaults:5 | 44979 ||| DROPPING +2 pair of gloves of infusion.
 45226 | D:13     | 45226 ||| BUYING shiny chain mail (150 gold).
 45226 | D:13     | Bought a shiny chain mail for 150 gold pieces
 45226 | D:13     | 45226 ||| BUYING shiny plate armour (520 gold).
 45226 | D:13     | Bought a shiny plate armour for 520 gold pieces
 45271 | D:13     | 45271 ||| DROPPING +4 chain mail of cold resistance.
 45272 | D:13     | 45272 ||| DROPPING +2 plate armour of cold resistance.
 45395 | D:9      | 45395 ||| BUYING +2 helmet of fire resistance (365 gold).
 45395 | D:9      | Bought a +2 helmet of fire resistance for 365 gold pieces
 45395 | D:9      | 45395 ||| BUYING +2 pair of gloves of fire resistance (365
                  | gold).
 45395 | D:9      | Bought a +2 pair of gloves of fire resistance for 365 gold
                  | pieces
 45395 | D:9      | 45395 ||| UPGRADING to +2 helmet of fire resistance.
 45405 | D:9      | 45405 ||| CLEARING SHOPPING LIST
 45405 | D:9      | 45405 ||| PLANNING ZOT:1-4
 45658 | Zot:1    | Entered Level 1 of the Realm of Zot
 45690 | Zot:1    | 45690 ||| Stepping ~*~*~tactically~*~*~ (stealth).
 45691 | Zot:1    | 45691 ||| Stepping ~*~*~tactically~*~*~ (stealth).
 45692 | Zot:1    | 45692 ||| Stepping ~*~*~tactically~*~*~ (stealth).
 45728 | Zot:1    | 45728 ||| Stepping ~*~*~tactically~*~*~ (stealth).
 45750 | Zot:1    | 45750 ||| Stepping ~*~*~tactically~*~*~ (hiding).
 45806 | Zot:1    | 45806 ||| Stepping ~*~*~tactically~*~*~ (stealth).
 45809 | Zot:1    | 45809 ||| Stepping ~*~*~tactically~*~*~ (hiding).
 45814 | Zot:1    | 45814 ||| INVOKING Heroism.
 45890 | Zot:1    | Received a gift from Okawaru
 45892 | Zot:1    | 45892 ||| Stepping ~*~*~tactically~*~*~ (hiding).
 45897 | Zot:1    | 45897 ||| INVOKING Heroism.
 45913 | Zot:1    | Identified the +0 cloak "Locusun" {-Tele Fly rPois Dex-5}
 45950 | Zot:1    | 45950 ||| Stepping ~*~*~tactically~*~*~ (hiding).
 45952 | Zot:1    | 45952 ||| Stepping ~*~*~tactically~*~*~ (hiding).
 45965 | Zot:1    | 45965 ||| INVOKING Heroism.
 46012 | Zot:1    | Received a gift from Okawaru
 46044 | Zot:1    | 46044 ||| Stepping ~*~*~tactically~*~*~ (stealth).
 46046 | Zot:1    | 46046 ||| Stepping ~*~*~tactically~*~*~ (hiding).
 46074 | Zot:1    | 46074 ||| INVOKING Heroism.
 46187 | Zot:1    | 46187 ||| Stepping ~*~*~tactically~*~*~ (hiding).
 46188 | Zot:1    | 46188 ||| Stepping ~*~*~tactically~*~*~ (hiding).
 46192 | Zot:1    | 46192 ||| INVOKING Heroism.
 46295 | Zot:1    | 46295 ||| INVOKING Heroism.
 46461 | Zot:1    | 46461 ||| UPGRADING to +2 pair of gloves of fire
                  | resistance.
 46471 | Zot:1    | 46471 ||| DROPPING +0 cloak "Locusun" {-Tele Fly rPois
                  | Dex-5}.
 46528 | Zot:2    | 46528 ||| INVOKING Heroism.
 46540 | Zot:2    | Noticed Vv
 46549 | Zot:2    | 46549 ||| STAIRDANCE
 46551 | Zot:1    | 46551 ||| INVOKING Heroism.
 46576 | Zot:1    | Killed Vv
 46612 | Zot:2    | Reached skill level 23 in Fighting
 46615 | Zot:2    | 46615 ||| INVOKING Heroism.
 46620 | Zot:2    | Reached XP level 25. HP: 128/176 MP: 30/30
 46694 | Zot:2    | 46694 ||| INVOKING Heroism.
 46724 | Zot:2    | 46724 ||| Stepping ~*~*~tactically~*~*~ (hiding).
 46725 | Zot:2    | 46725 ||| Stepping ~*~*~tactically~*~*~ (hiding).
 46733 | Zot:2    | 46733 ||| Stepping ~*~*~tactically~*~*~ (hiding).
 46970 | Zot:2    | 46970 ||| READING scroll of enchant armour.
 46970 | Zot:2    | 46970 ||| ENCHANTING +1 gold dragon scales.
 47065 | Zot:2    | 47065 ||| DROPPING +2 plate armour of willpower.
 47077 | Zot:3    | 47077 ||| STAIRDANCE
 47126 | Zot:3    | 47126 ||| Stepping ~*~*~tactically~*~*~ (stealth).
 47129 | Zot:3    | 47129 ||| FLEEEEING.
 47130 | Zot:3    | 47130 ||| FLEEEEING.
 47137 | Zot:3    | 47137 ||| STAIRDANCE
 47164 | Zot:3    | 47164 ||| INVOKING Heroism.
 47209 | Zot:3    | 47209 ||| Stepping ~*~*~tactically~*~*~ (hiding).
 47227 | Zot:3    | 47227 ||| INVOKING Heroism.
 47253 | Zot:3    | 47253 ||| Stepping ~*~*~tactically~*~*~ (stealth).
 47254 | Zot:3    | 47254 ||| Stepping ~*~*~tactically~*~*~ (stealth).
 47256 | Zot:3    | 47256 ||| Stepping ~*~*~tactically~*~*~ (hiding).
 47257 | Zot:3    | 47257 ||| Stepping ~*~*~tactically~*~*~ (hiding).
 47300 | Zot:3    | 47300 ||| INVOKING Heroism.
 47308 | Zot:3    | Received a gift from Okawaru
 47309 | Zot:3    | Reached skill level 24 in Fighting
 47384 | Zot:3    | 47384 ||| DRINKING 5 potions of cancellation.
 47392 | Zot:3    | 47392 ||| Stepping ~*~*~tactically~*~*~ (stealth).
 47393 | Zot:3    | 47393 ||| Stepping ~*~*~tactically~*~*~ (stealth).
 47429 | Zot:3    | 47429 ||| DRINKING 4 potions of cancellation.
 47471 | Zot:3    | 47471 ||| DRINKING 3 potions of cancellation.
 47472 | Zot:3    | Received a gift from Okawaru
 47507 | Zot:3    | 47507 ||| Stepping ~*~*~tactically~*~*~ (hiding).
 47509 | Zot:3    | 47509 ||| Stepping ~*~*~tactically~*~*~ (hiding).
 47539 | Zot:3    | 47539 ||| DRINKING 2 potions of cancellation.
 47573 | Zot:3    | 47573 ||| FLEEEEING.
 47592 | Zot:3    | 47592 ||| FLEEEEING.
 47593 | Zot:3    | 47593 ||| FLEEEEING.
 47594 | Zot:3    | 47594 ||| FLEEEEING.
 47595 | Zot:3    | 47595 ||| FLEEEEING.
 47596 | Zot:3    | 47596 ||| FLEEEEING.
 47597 | Zot:3    | 47597 ||| FLEEEEING.
 47598 | Zot:3    | 47598 ||| FLEEEEING.
 47599 | Zot:3    | 47599 ||| FLEEEEING.
 47600 | Zot:3    | 47600 ||| FLEEEEING.
 47601 | Zot:3    | 47601 ||| FLEEEEING.
 47602 | Zot:3    | 47602 ||| FLEEEEING.
 47603 | Zot:3    | 47603 ||| FLEEEEING.
 47604 | Zot:3    | 47604 ||| FLEEEEING.
 47605 | Zot:3    | 47605 ||| FLEEEEING.
 47606 | Zot:3    | 47606 ||| FLEEEEING.
 47607 | Zot:3    | 47607 ||| FLEEEEING.
 47608 | Zot:3    | 47608 ||| FLEEEEING.
 47609 | Zot:3    | 47609 ||| FLEEEEING.
 47610 | Zot:3    | 47610 ||| FLEEEEING.
 47611 | Zot:3    | 47611 ||| FLEEEEING.
 47612 | Zot:3    | 47612 ||| FLEEEEING.
 47613 | Zot:3    | 47613 ||| FLEEEEING.
 47614 | Zot:3    | 47614 ||| FLEEEEING.
 47615 | Zot:3    | 47615 ||| FLEEEEING.
 47665 | Zot:3    | 47665 ||| Stepping ~*~*~tactically~*~*~ (hiding).
 47666 | Zot:3    | 47666 ||| Stepping ~*~*~tactically~*~*~ (hiding).
 47667 | Zot:3    | 47667 ||| Stepping ~*~*~tactically~*~*~ (hiding).
 47671 | Zot:3    | 47671 ||| Stepping ~*~*~tactically~*~*~ (hiding).
 47803 | Zot:3    | 47803 ||| Stepping ~*~*~tactically~*~*~ (hiding).
 47804 | Zot:3    | 47804 ||| Stepping ~*~*~tactically~*~*~ (hiding).
 47805 | Zot:3    | 47805 ||| Stepping ~*~*~tactically~*~*~ (hiding).
 47930 | Zot:3    | 47930 ||| Stepping ~*~*~tactically~*~*~ (hiding).
 47956 | Zot:3    | Received a gift from Okawaru
 47999 | Zot:3    | 47999 ||| INVOKING Heroism.
 48101 | Zot:3    | 48101 ||| INVOKING Heroism.
 48102 | Zot:3    | 48102 ||| INVOKING Finesse.
 48111 | Zot:3    | 48111 ||| DRINKING potion of cancellation.
 48128 | Zot:3    | 48128 ||| INVOKING Heroism.
 48739 | Zot:4    | 48739 ||| INVOKING Heroism.
 48809 | Zot:4    | Found a transporter.
 48872 | Zot:4    | Received a gift from Okawaru
 48927 | Zot:4    | 48927 ||| Stepping ~*~*~tactically~*~*~ (hiding).
 48928 | Zot:4    | 48928 ||| Stepping ~*~*~tactically~*~*~ (hiding).
 48930 | Zot:4    | 48930 ||| Stepping ~*~*~tactically~*~*~ (hiding).
 48932 | Zot:4    | 48932 ||| Stepping ~*~*~tactically~*~*~ (hiding).
 48933 | Zot:4    | 48933 ||| Stepping ~*~*~tactically~*~*~ (hiding).
 48935 | Zot:4    | 48935 ||| Stepping ~*~*~tactically~*~*~ (hiding).
 48987 | Zot:4    | 48987 ||| Stepping ~*~*~tactically~*~*~ (hiding).
 49000 | Zot:4    | 49000 ||| INVOKING Heroism.
 49035 | Zot:4    | Reached skill level 25 in Fighting
 49061 | Zot:4    | 49061 ||| Stepping ~*~*~tactically~*~*~ (hiding).
 49064 | Zot:4    | 49064 ||| Stepping ~*~*~tactically~*~*~ (hiding).
 49065 | Zot:4    | 49065 ||| Stepping ~*~*~tactically~*~*~ (hiding).
 49066 | Zot:4    | 49066 ||| Stepping ~*~*~tactically~*~*~ (hiding).
 49176 | Zot:4    | Found a transporter.
 49408 | Zot:4    | 49408 ||| Stepping ~*~*~tactically~*~*~ (hiding).
 49409 | Zot:4    | 49409 ||| Stepping ~*~*~tactically~*~*~ (hiding).
 49410 | Zot:4    | 49410 ||| Stepping ~*~*~tactically~*~*~ (hiding).
 49411 | Zot:4    | 49411 ||| Stepping ~*~*~tactically~*~*~ (hiding).
 49412 | Zot:4    | 49412 ||| Stepping ~*~*~tactically~*~*~ (hiding).
 49415 | Zot:4    | 49415 ||| Stepping ~*~*~tactically~*~*~ (hiding).
 49418 | Zot:4    | 49418 ||| INVOKING Heroism.
 49441 | Zot:4    | 49441 ||| Stepping ~*~*~tactically~*~*~ (hiding).
 49464 | Zot:4    | Received a gift from Okawaru
 49468 | Zot:4    | 49468 ||| Stepping ~*~*~tactically~*~*~ (stealth).
 49470 | Zot:4    | 49470 ||| Stepping ~*~*~tactically~*~*~ (hiding).
 49472 | Zot:4    | 49472 ||| Stepping ~*~*~tactically~*~*~ (hiding).
 49473 | Zot:4    | 49473 ||| INVOKING Heroism.
 49506 | Zot:4    | 49506 ||| Stepping ~*~*~tactically~*~*~ (stealth).
 49512 | Zot:4    | 49512 ||| INVOKING Heroism.
 49526 | Zot:4    | 49526 ||| Stepping ~*~*~tactically~*~*~ (stealth).
 49528 | Zot:4    | 49528 ||| Stepping ~*~*~tactically~*~*~ (hiding).
 49573 | Zot:4    | 49573 ||| INVOKING Heroism.
 49639 | Zot:4    | 49639 ||| PLANNING SLIME:5
 49639 | Zot:4    | 49639 ||| UPGRADING to +2 pair of gloves of strength.
 49649 | Zot:4    | 49649 ||| UPGRADING to +0 helmet of Oradak {-Cast rPois
                  | Slay+3}.
 49659 | Zot:4    | 49659 ||| UPGRADING to +2 cloak.
 50072 | Slime:1  | Entered Level 1 of the Pits of Slime
 50076 | Slime:1  | 50076 ||| STAIRDANCE
 50085 | Slime:1  | 50085 ||| STAIRDANCE
 50096 | Slime:1  | 50096 ||| STAIRDANCE
 50118 | Slime:2  | 50118 ||| DRINKING 25 potions of curing.
 50118 | Slime:2  | 50118 ||| (to cure confusion)
 50121 | Slime:2  | 50121 ||| DRINKING 24 potions of curing.
 50121 | Slime:2  | 50121 ||| (to cure confusion)
 50127 | Slime:2  | 50127 ||| DRINKING 23 potions of curing.
 50127 | Slime:2  | 50127 ||| (to cure confusion)
 50134 | Slime:2  | Received a gift from Okawaru
 50135 | Slime:2  | Reached XP level 26. HP: 188/188 MP: 30/30
 50270 | Slime:3  | 50270 ||| STAIRDANCE
 50274 | Slime:2  | 50274 ||| DROPPING 35 boomerangs.
 50275 | Slime:2  | 50275 ||| DROPPING 8 boomerangs of dispersal.
 50276 | Slime:2  | 50276 ||| DROPPING 6 silver boomerangs.
 50279 | Slime:3  | 50279 ||| STAIRDANCE
 50496 | Slime:5  | Entered Level 5 of the Pits of Slime
 50544 | Slime:5  | Received a gift from Okawaru
 50557 | Slime:5  | Noticed the Royal Jelly
 50558 | Slime:5  | 50558 ||| INVOKING Heroism.
 50597 | Slime:5  | 50597 ||| INVOKING Heroism.
 50625 | Slime:5  | Killed the Royal Jelly
 50673 | Slime:5  | Received a gift from Okawaru
 50802 | Slime:5  | 50802 ||| READING scroll of enchant armour.
 50802 | Slime:5  | 50802 ||| ENCHANTING +2 gold dragon scales.
 50805 | Slime:5  | Identified the staff of air "Kaoporch" {rElec rF++ Will-
                  | rCorr Str-4}
 50830 | Slime:5  | Got a slimy rune of Zot
 50831 | Slime:5  | Identified the +0 dagger of Ogoin {venom, *Corrode rElec
                  | Will+}
 50856 | Slime:5  | Identified the ring of Pyromania {Will+ MP+9 Slay+2}
 50859 | Slime:5  | Identified the +7 whip of Contention {venom, SInv}
 50862 | Slime:5  | Identified the +4 scale mail of Zikkonge {Drain Str+3
                  | Stlth+}
 50887 | Slime:5  | Identified the +4 shortbow of the Aged Queens {elec, +Blink
                  | rElec Will+++ Dex-5}
 50899 | Slime:5  | Identified the staff of fire "Odeu" {+Blink rF+ rN+ Str+2
                  | Dex+4}
 51017 | Slime:5  | Reached skill level 26 in Fighting
 51364 | Slime:5  | 51364 ||| PLANNING THE SHINING ONE WORSHIP
 51364 | Slime:5  | 51364 ||| DROPPING +2 helmet.
 51365 | Slime:5  | 51365 ||| UPGRADING to +2 helmet of fire resistance.
 51375 | Slime:5  | 51375 ||| DROPPING +1 plate armour of cold resistance.
 51376 | Slime:5  | 51376 ||| UPGRADING to +2 cloak of willpower.
 51386 | Slime:5  | 51386 ||| DROPPING +1 cloak of Card Tricks {Will+ rCorr
                  | Int+2}.
 51387 | Slime:5  | 51387 ||| DROPPING +2 cloak.
 51388 | Slime:5  | 51388 ||| DROPPING ring of Pyromania {Will+ MP+9 Slay+2}.
 51389 | Slime:5  | 51389 ||| DROPPING ring of resist corrosion.
 51771 | D:3      | 51771 ||| SWAPPING to +2 heavy broad axe.
 51772 | D:3      | 51772 ||| READING 2 scrolls of brand weapon.
 51772 | D:3      | 51772 ||| BRANDING +2 heavy broad axe.
 51773 | D:3      | 51773 ||| SWAPPING to +5 broad axe.
 51774 | D:3      | 51774 ||| DROPPING +2 broad axe of venom.
 51775 | D:3      | 51775 ||| READING scroll of brand weapon.
 51775 | D:3      | 51775 ||| BRANDING +5 broad axe.
 51776 | D:3      | 51776 ||| READING scroll of enchant weapon.
 51776 | D:3      | 51776 ||| ENCHANTING +5 broad axe of draining.
 51777 | D:3      | Fell from the grace of Okawaru
 51777 | D:3      | Became a worshipper of the Shining One
 51777 | D:3      | 51777 ||| PLANNING CRYPT
 52158 | Crypt:1  | Entered Level 1 of the Crypt
 52161 | Crypt:1  | Was placed under penance by the Shining One
 52162 | Crypt:1  | Was forgiven by the Shining One
 52167 | Crypt:1  | Was placed under penance by the Shining One
 52176 | Crypt:1  | Fell from the grace of the Shining One
 52177 | Crypt:1  | 52177 ||| SWAPPING to +9 vampiric war axe.
 52459 | Crypt:1  | 52459 ||| Stepping ~*~*~tactically~*~*~ (hiding).
 52469 | Crypt:1  | 52469 ||| Stepping ~*~*~tactically~*~*~ (stealth).
 52544 | Crypt:1  | 52544 ||| Stepping ~*~*~tactically~*~*~ (stealth).
 52560 | Crypt:1  | 52560 ||| Stepping ~*~*~tactically~*~*~ (hiding).
 52574 | Crypt:1  | 52574 ||| PLANNING OKAWARU WORSHIP
 52574 | Crypt:1  | 52574 ||| DROPPING 7 potions of magic.
 52985 | D:4      | Became a worshipper of Warmaster Okawaru
 52985 | D:4      | 52985 ||| PLANNING CRYPT
 53376 | Crypt:1  | 53376 ||| Stepping ~*~*~tactically~*~*~ (hiding).
 53377 | Crypt:1  | 53377 ||| Stepping ~*~*~tactically~*~*~ (hiding).
 53378 | Crypt:1  | 53378 ||| Stepping ~*~*~tactically~*~*~ (hiding).
 53379 | Crypt:1  | 53379 ||| Stepping ~*~*~tactically~*~*~ (hiding).
 53380 | Crypt:1  | 53380 ||| Stepping ~*~*~tactically~*~*~ (hiding).
 53382 | Crypt:1  | 53382 ||| Stepping ~*~*~tactically~*~*~ (hiding).
 53525 | Crypt:1  | 53525 ||| Stepping ~*~*~tactically~*~*~ (stealth).
 53527 | Crypt:1  | 53527 ||| Stepping ~*~*~tactically~*~*~ (stealth).
 53631 | Crypt:2  | 53631 ||| Stepping ~*~*~tactically~*~*~ (hiding).
 53651 | Crypt:2  | 53651 ||| Stepping randomly (disturbance).
 53677 | Crypt:2  | 53677 ||| Stepping ~*~*~tactically~*~*~ (hiding).
 53687 | Crypt:2  | 53687 ||| Stepping ~*~*~tactically~*~*~ (stealth).
 53702 | Crypt:2  | 53702 ||| Stepping ~*~*~tactically~*~*~ (hiding).
 53703 | Crypt:2  | 53703 ||| Stepping ~*~*~tactically~*~*~ (hiding).
 53704 | Crypt:2  | 53704 ||| Stepping ~*~*~tactically~*~*~ (hiding).
 53724 | Crypt:2  | Identified the staff of air "Vaific" {rElec rN+}
 53814 | Crypt:2  | Noticed Saint Roka
 53841 | Crypt:2  | Killed Saint Roka
 54129 | Crypt:2  | 54129 ||| Stepping ~*~*~tactically~*~*~ (hiding).
 54204 | Crypt:2  | Reached skill level 12 in Dodging
 54402 | Crypt:3  | Entered Level 3 of the Crypt
 54408 | Crypt:3  | 54408 ||| Stepping ~*~*~tactically~*~*~ (hiding).
 54624 | Crypt:3  | 54624 ||| Stepping ~*~*~tactically~*~*~ (hiding).
 54716 | Crypt:3  | 54716 ||| Stepping ~*~*~tactically~*~*~ (stealth).
 54759 | Crypt:3  | Found a staircase to the Tomb.
 54992 | Crypt:3  | 54992 ||| Stepping ~*~*~tactically~*~*~ (stealth).
 54998 | Crypt:3  | 54998 ||| Stepping ~*~*~tactically~*~*~ (stealth).
 55022 | Crypt:3  | 55022 ||| Stepping ~*~*~tactically~*~*~ (stealth).
 55028 | Crypt:3  | 55028 ||| Stepping ~*~*~tactically~*~*~ (hiding).
 55049 | Crypt:3  | 55049 ||| INVOKING Heroism.
 55115 | Crypt:3  | 55115 ||| INVOKING Heroism.
 55117 | Crypt:3  | Noticed a royal mummy
 55122 | Crypt:3  | HP: 43/192 [??? (10)]
 55123 | Crypt:3  | 55123 ||| READING 21 scrolls of teleportation.
 55124 | Crypt:3  | 55124 ||| DRINKING 16 potions of heal wounds.
 55141 | Crypt:3  | 55141 ||| Stepping randomly (disturbance).
 55142 | Crypt:3  | 55142 ||| Stepping randomly (disturbance).
 55143 | Crypt:3  | 55143 ||| Stepping randomly (disturbance).
 55183 | Crypt:3  | 55183 ||| INVOKING Heroism.
 55197 | Crypt:3  | 55197 ||| Stepping ~*~*~tactically~*~*~ (stealth).
 55270 | Crypt:3  | Found an ancient bone altar of Kikubaaqudgha.
 55292 | Crypt:3  | 55292 ||| Stepping ~*~*~tactically~*~*~ (stealth).
 55294 | Crypt:3  | 55294 ||| Stepping ~*~*~tactically~*~*~ (hiding).
 55297 | Crypt:3  | 55297 ||| INVOKING Heroism.
 55312 | Crypt:3  | Killed a royal mummy
 55339 | Crypt:3  | Identified the +7 flail of War {flame, *Slow rPois rC+ rN+
                  | Str+2}
 55441 | Crypt:3  | 55441 ||| INVOKING Heroism.
 55461 | Crypt:3  | 55461 ||| INVOKING Heroism.
 55618 | Crypt:3  | 55618 ||| Stepping ~*~*~tactically~*~*~ (stealth).
 55627 | Crypt:3  | 55627 ||| INVOKING Heroism.
 55700 | Crypt:3  | 55700 ||| FLEEEEING.
 55701 | Crypt:3  | 55701 ||| FLEEEEING.
 55702 | Crypt:3  | 55702 ||| FLEEEEING.
 55703 | Crypt:3  | 55703 ||| FLEEEEING.
 55715 | Crypt:3  | 55715 ||| INVOKING Heroism.
 56056 | Crypt:3  | 56056 ||| PLANNING TOMB
 56056 | Crypt:3  | 56056 ||| SWAPPING to +6 broad axe of draining.
 56057 | Crypt:3  | 56057 ||| READING scroll of brand weapon.
 56057 | Crypt:3  | 56057 ||| BRANDING +6 broad axe of draining.
 56058 | Crypt:3  | 56058 ||| READING scroll of enchant weapon.
 56058 | Crypt:3  | 56058 ||| ENCHANTING +6 broad axe of protection.
 56059 | Crypt:3  | 56059 ||| DROPPING +2 plate armour of fire resistance.
 56115 | Tomb:1   | Entered Level 1 of the Tomb of the Ancients
 56138 | Tomb:1   | 56138 ||| INVOKING Heroism.
 56209 | Tomb:1   | Identified the +2 robe of Contentment {rPois Str+3}
 56230 | Tomb:1   | 56230 ||| FLEEEEING.
 56307 | Tomb:1   | Reached XP level 27. HP: 154/197 MP: 31/31
 56338 | Tomb:1   | Reached skill level 27 in Fighting
 56443 | Tomb:1   | Noticed a royal mummy
 56445 | Tomb:1   | 56445 ||| Stepping ~*~*~tactically~*~*~ (hiding).
 56446 | Tomb:1   | 56446 ||| Stepping ~*~*~tactically~*~*~ (hiding).
 56447 | Tomb:1   | 56447 ||| Stepping ~*~*~tactically~*~*~ (hiding).
 56448 | Tomb:1   | 56448 ||| Stepping ~*~*~tactically~*~*~ (hiding).
 56449 | Tomb:1   | 56449 ||| Stepping ~*~*~tactically~*~*~ (hiding).
 56450 | Tomb:1   | 56450 ||| INVOKING Heroism.
 56464 | Tomb:1   | Killed a royal mummy
 56515 | Tomb:1   | 56515 ||| Stepping ~*~*~tactically~*~*~ (stealth).
 56517 | Tomb:1   | 56517 ||| Stepping ~*~*~tactically~*~*~ (hiding).
 56518 | Tomb:1   | 56518 ||| Stepping ~*~*~tactically~*~*~ (hiding).
 56519 | Tomb:1   | 56519 ||| Stepping ~*~*~tactically~*~*~ (hiding).
 56520 | Tomb:1   | 56520 ||| Stepping ~*~*~tactically~*~*~ (hiding).
 56521 | Tomb:1   | 56521 ||| Stepping ~*~*~tactically~*~*~ (hiding).
 56594 | Tomb:1   | 56594 ||| Stepping ~*~*~tactically~*~*~ (hiding).
 56595 | Tomb:1   | 56595 ||| Stepping ~*~*~tactically~*~*~ (hiding).
 56605 | Tomb:1   | 56605 ||| Stepping ~*~*~tactically~*~*~ (stealth).
 56615 | Tomb:1   | 56615 ||| INVOKING Heroism.
 56764 | Tomb:1   | Found the +4 moon troll leather armour {Spirit, Regen++
                  | MP+5}
 56792 | Tomb:1   | Noticed a royal mummy
 56793 | Tomb:1   | 56793 ||| INVOKING Heroism.
 56809 | Tomb:1   | Killed a royal mummy
 56884 | Tomb:1   | 56884 ||| Stepping ~*~*~tactically~*~*~ (stealth).
 57056 | Tomb:1   | 57056 ||| Stepping ~*~*~tactically~*~*~ (hiding).
 57057 | Tomb:1   | 57057 ||| Stepping ~*~*~tactically~*~*~ (hiding).
 57070 | Tomb:1   | 57070 ||| Stepping ~*~*~tactically~*~*~ (hiding).
 57585 | Tomb:2   | 57585 ||| DRINKING 6 potions of haste.
 57586 | Tomb:2   | 57586 ||| DRINKING 8 potions of attraction.
 57587 | Tomb:2   | 57587 ||| INVOKING Heroism.
 57591 | Tomb:2   | Noticed a royal mummy
 57592 | Tomb:2   | Noticed a royal mummy
 57601 | Tomb:2   | Noticed a royal mummy
 57607 | Tomb:2   | Killed a royal mummy
 57610 | Tomb:2   | Noticed a royal mummy
 57620 | Tomb:2   | Killed a royal mummy
 57620 | Tomb:2   | HP: 39/199 [death scarab[a royal mummy] (13)]
 57621 | Tomb:2   | Reached skill level 15 in Throwing
 57621 | Tomb:2   | 57621 ||| READING 21 scrolls of teleportation.
 57622 | Tomb:2   | 57622 ||| DRINKING 16 potions of heal wounds.
 57623 | Tomb:2   | 57623 ||| DRINKING 15 potions of heal wounds.
 57625 | Tomb:2   | HP: 45/199 [??? (10)]
 57626 | Tomb:2   | 57626 ||| DRINKING 14 potions of heal wounds.
 57636 | Tomb:2   | HP: 33/199 [death scarab (18)]
 57637 | Tomb:2   | 57637 ||| READING 20 scrolls of teleportation.
 57638 | Tomb:2   | 57638 ||| DRINKING 13 potions of heal wounds.
 57639 | Tomb:2   | 57639 ||| DRINKING 12 potions of heal wounds.
 57641 | Tomb:2   | 57641 ||| DRINKING 11 potions of heal wounds.
 57674 | Tomb:2   | 57674 ||| INVOKING Heroism.
 57690 | Tomb:2   | HP: 48/199 [guardian mummy/+0 mace (13)]
 57691 | Tomb:2   | 57691 ||| READING 19 scrolls of teleportation.
 57692 | Tomb:2   | 57692 ||| DRINKING 10 potions of heal wounds.
 57696 | Tomb:2   | HP: 44/199 [death scarab (10)]
 57697 | Tomb:2   | 57697 ||| READING 18 scrolls of teleportation.
 57698 | Tomb:2   | 57698 ||| DRINKING 9 potions of heal wounds.
 57699 | Tomb:2   | 57699 ||| DRINKING 8 potions of heal wounds.
 57703 | Tomb:2   | 57703 ||| INVOKING Heroism.
 57730 | Tomb:2   | HP: 40/199 [death scarab[a royal mummy] (18)]
 57731 | Tomb:2   | 57731 ||| READING 17 scrolls of teleportation.
 57732 | Tomb:2   | 57732 ||| DRINKING 7 potions of heal wounds.
 57732 | Tomb:2   | Gained mutation: You occasionally lose the ability to drink
                  | potions when taking damage. [mutagenic glow]
 57734 | Tomb:2   | 57734 ||| DRINKING 6 potions of heal wounds.
 57735 | Tomb:2   | 57735 ||| DRINKING 5 potions of heal wounds.
 57736 | Tomb:2   | 57736 ||| Stepping ~*~*~tactically~*~*~ (hiding).
 57737 | Tomb:2   | 57737 ||| Stepping ~*~*~tactically~*~*~ (hiding).
 57739 | Tomb:2   | HP: 46/199 [mummy priest/divine providence (12)]
 57740 | Tomb:2   | 57740 ||| READING 16 scrolls of teleportation.
 57741 | Tomb:2   | 57741 ||| DRINKING 4 potions of heal wounds.
 57742 | Tomb:2   | Gained mutation: Your body sometimes deteriorates upon
                  | taking damage. [mutagenic glow]
 57751 | Tomb:2   | Gained mutation: Armour fits poorly on your strangely
                  | shaped body. [mutagenic glow]
 57754 | Tomb:2   | 57754 ||| INVOKING Heroism.
 57768 | Tomb:2   | Killed a royal mummy
 57770 | Tomb:2   | 57770 ||| Stepping ~*~*~tactically~*~*~ (hiding).
 57772 | Tomb:2   | 57772 ||| Stepping ~*~*~tactically~*~*~ (hiding).
 57772 | Tomb:2   | Gained mutation: You are dopey. (Int -2) [mutagenic glow]
 57784 | Tomb:2   | HP: 41/199 [guardian mummy (17)]
 57785 | Tomb:2   | 57785 ||| READING 15 scrolls of teleportation.
 57785 | Tomb:2   | HP: 20/199 [royal mummy/divine providence (11)]
 57786 | Tomb:2   | 57786 ||| DRINKING 3 potions of heal wounds.
 57787 | Tomb:2   | 57787 ||| READING 14 scrolls of teleportation.
 57788 | Tomb:2   | 57788 ||| DRINKING 2 potions of heal wounds.
 57789 | Tomb:2   | 57789 ||| INVOKING Heroism.
 57798 | Tomb:2   | HP: 45/199 [Hell Sentinel[a Zot trap] (12)]
 57799 | Tomb:2   | 57799 ||| READING 13 scrolls of teleportation.
 57800 | Tomb:2   | 57800 ||| DRINKING potion of heal wounds.
 57802 | Tomb:2   | Gained mutation: You are weak. (Str -2) [mutagenic glow]
 57805 | Tomb:2   | HP: 44/199 [??? (10)]
 57806 | Tomb:2   | 57806 ||| READING 12 scrolls of teleportation.
 57809 | Tomb:2   | HP: 19/199 [??? (4)]
 57812 | Tomb:2   | 57812 ||| READING 11 scrolls of teleportation.
 57816 | Tomb:2   | HP: 12/199 [mummy priest/divine providence (12)]
 57820 | Tomb:2   | Gained mutation: You do not regenerate when monsters are
                  | visible. [mutagenic glow]
 57830 | Tomb:2   | 57830 ||| INVOKING Heroism.
 57831 | Tomb:2   | Gained mutation: You are very dopey. (Int -4) [mutagenic
                  | glow]
 57838 | Tomb:2   | 57838 ||| READING 10 scrolls of teleportation.
 57838 | Tomb:2   | Gained mutation: Your spells are a little easier to cast,
                  | but a little less powerful. [mutagenic glow]
 57843 | Tomb:2   | 57843 ||| Stepping ~*~*~tactically~*~*~ (hiding).
 57846 | Tomb:2   | 57846 ||| Stepping ~*~*~tactically~*~*~ (hiding).
 57847 | Tomb:2   | 57847 ||| READING 9 scrolls of teleportation.
 57858 | Tomb:2   | Gained mutation: Your body often deteriorates upon taking
                  | damage. [mutagenic glow]
 57968 | Tomb:2   | 57968 ||| DRINKING 11 potions of mutation.
 57968 | Tomb:2   | Lost mutation: You do not regenerate when monsters are
                  | visible. [potion of mutation]
 57968 | Tomb:2   | Lost mutation: Your spells are a little easier to cast, but
                  | a little less powerful. [potion of mutation]
 57968 | Tomb:2   | Lost mutation: Armour fits poorly on your strangely shaped
                  | body. [potion of mutation]
 57968 | Tomb:2   | Gained mutation: You possess an exceptional clarity of
                  | mind. [potion of mutation]
 57968 | Tomb:2   | Gained mutation: You are strong-willed. (Will+) [potion of
                  | mutation]
 57968 | Tomb:2   | Lost mutation: You occasionally lose the ability to drink
                  | potions when taking damage. [potion of mutation]
 57969 | Tomb:2   | 57969 ||| DRINKING 10 potions of mutation.
 57969 | Tomb:2   | Lost mutation: Your body often deteriorates upon taking
                  | damage. [potion of mutation]
 57969 | Tomb:2   | Lost mutation: You are strong-willed. (Will+) [potion of
                  | mutation]
 57969 | Tomb:2   | Lost mutation: You are weak. (Str -2) [potion of mutation]
 57969 | Tomb:2   | Gained mutation: You occasionally shout uncontrollably at
                  | your foes. [potion of mutation]
 57969 | Tomb:2   | Gained mutation: You have supernaturally acute eyesight.
                  | (SInv) [potion of mutation]
 57969 | Tomb:2   | Gained mutation: Your movements are slightly less
                  | encumbered by armour. (ER -2) [potion of mutation]
 57984 | Tomb:2   | 57984 ||| Stepping ~*~*~tactically~*~*~ (hiding).
 58012 | Tomb:2   | 58012 ||| Stepping ~*~*~tactically~*~*~ (stealth).
 58018 | Tomb:2   | 58018 ||| INVOKING Heroism.
 58030 | Tomb:2   | Killed a royal mummy
 58060 | Tomb:2   | 58060 ||| Stepping ~*~*~tactically~*~*~ (stealth).
 58087 | Tomb:2   | 58087 ||| INVOKING Heroism.
 58157 | Tomb:2   | 58157 ||| Stepping ~*~*~tactically~*~*~ (stealth).
 58232 | Tomb:2   | 58232 ||| Stepping ~*~*~tactically~*~*~ (stealth).
 58238 | Tomb:2   | 58238 ||| Stepping ~*~*~tactically~*~*~ (hiding).
 58244 | Tomb:2   | 58244 ||| Stepping ~*~*~tactically~*~*~ (stealth).
 58245 | Tomb:2   | 58245 ||| INVOKING Heroism.
 58642 | Tomb:1   | Noticed a royal mummy
 58643 | Tomb:1   | 58643 ||| INVOKING Heroism.
 58645 | Tomb:1   | Noticed a royal mummy
 58647 | Tomb:1   | Noticed a royal mummy
 58651 | Tomb:1   | Noticed a royal mummy
 58653 | Tomb:1   | Noticed a royal mummy
 58654 | Tomb:1   | Noticed a royal mummy
 58658 | Tomb:1   | Noticed a royal mummy
 58662 | Tomb:1   | Noticed a royal mummy
 58665 | Tomb:1   | Killed a royal mummy
 58666 | Tomb:1   | HP: 45/199 [??? (10)]
 58667 | Tomb:1   | 58667 ||| READING 8 scrolls of teleportation.
 58668 | Tomb:1   | 58668 ||| DRINKING potion of heal wounds.
 58670 | Tomb:1   | Killed a royal mummy
 58915 | Tomb:1   | 58915 ||| INVOKING Heroism.
 58934 | Tomb:1   | Killed a royal mummy
 58940 | Tomb:1   | HP: 45/199 [??? (10)]
 58941 | Tomb:1   | 58941 ||| READING 7 scrolls of teleportation.
 58945 | Tomb:1   | 58945 ||| READING 6 scrolls of teleportation.
 58945 | Tomb:1   | HP: 17/199 [royal mummy/divine providence (12)]
 58947 | Tomb:1   | HP: 4/199 [death scarab[a royal mummy] (15)]
 58948 | Tomb:1   | Mangled by a death scarab

Levels and vault maps discovered:
D:1:      dpeg_arrival_three_smaller_balls, layout_loops_ring,
          minmay_split_cup_large
D:2:      layout_basic, minmay_misc_feat_plants, grunt_ministairs_5
D:3:      layout_loops_ring, mainiacjoe_overflow_small_starburst
D:4:      layout_rooms, okawaru_ov_weapons_minmay,
          nicolae_yredelemnul_corpse_copse, gup_sewer_entry_spiral,
          serial_demonic, serial_demonic_c, serial_demonic_d, serial_demonic_c,
          serial_demonic_g, nicolae_ossuary_entry_plus, kennysheep_dice
D:5:      nicolae_cairo_tiling_very_big, layout_basic, lightli_temple_of_fire,
          goddamned_bats, uniq_ijyb
D:6:      nicolae_cairo_tiling_large, layout_loops_cross, lemuel_crystal_altar,
          minmay_temple_entry_waves, st_stairs_1, uniq_duvessa
D:7:      layout_rooms, nicolae_overflow_hidden_temple, lemuel_round_altar,
          st_stairs_4, uniq_menkaure
D:8:      layout_gridville, lemuel_crystal_altar, lemuel_coloured_pillars_altar
D:9:      layout_stronghold, kiku_gazebo_pond_becter, david_orc_1_choice,
          hangedman_decor_push, nicolae_shop_fire_sale [nicolae_sub_dead_trees],
          nicolae_shop_distant_corner_stores
D:10:     layout_basic, fedhas_altar_3, zin_treasury,
          nicolae_gozag_seed_capital, david_lair_generic, serial_shops,
          nicolae_lakefront_shop, serial_glass, glass_columns_a,
          glass_columns_c, serial_bayou_ford_a, minmay_misc_feat_alley
D:11:     layout_rooms, serial_shops, nicolae_shop_stone, uniq_erolcha,
          uniq_urug
D:12:     minmay_the_grid_four_pointed_star_mashed
          [minmay_the_grid_triangle_9x9_steps,
          minmay_the_grid_triangle_9x9_windchime,
          minmay_the_grid_triangle_9x9_dagger,
          minmay_the_grid_triangle_9x9_alien,
          minmay_the_grid_prize_shrinking_boxes], layout_basic, serial_shops,
          nicolae_square_shop, nicolae_shop_self_help
D:13:     layout_roguey, grunt_vaults_entry_fortified, serial_shops,
          nicolae_shop_window_shopping, gammafunk_ghost_cemetery,
          nicolae_trove_entry_diagonal
D:14:     layout_roguey, gammafunk_ghost_icy
D:15:     hangedman_depths_entry_try_elsewhere_first, layout_cave_pools,
          hangedman_abyss_or_decor_passed
Lair:1:   layout_cave_shapes, ebering_ghost_reflecting_pool
Lair:2:   layout_loops_ring, dummy_snake_entry
Lair:3:   layout_regular_city, minmay_shoals_entry_centaurs,
          ebering_ghost_disaster_area, chequers_serial_rivers_large_a
Lair:4:   layout_loops_ring, nicolae_lair_yak_garden
Lair:5:   hellmonk_lair_end_abyssal_woods, layout_gridlike,
          nicolae_slime_entry_field_trip, grunt_megastairs_4
Shoals:1: layout_shoals, nicolae_shoals_flooded_hall, uniq_josephine
Shoals:2: layout_shoals, serial_shops, shop, uniq_mlioglotl
Shoals:3: layout_shoals, ebering_ghost_inner_flame, uniq_polyphemus, uniq_ilsuiw
Shoals:4: shoals_end_grunt_ice, layout_shoals, shoals_ilsuiw_ice,
          nzn_prometheus_bound
Snake:1:  layout_onion_interference, serial_bayou_crossing, grunt_megastairs_2,
          uniq_agnes
Snake:2:  layout_basic
Snake:3:  layout_grid_maze, nicolae_coiled_stairwell_up, lemuel_fruit_tree,
          uniq_aizul
Snake:4:  grunt_snake_rune_pools, layout_misc_corridors, grunt_ministairs_5,
          nicolae_snake_gridmaze_entwining, drop_trap,
          nicolae_shop_i_like_small_books_too, uniq_donald
Slime:1:  layout_caves
Slime:2:  layout_caves
Slime:3:  layout_caves
Slime:4:  layout_caves
Slime:5
Orc:1:    layout_caves
Orc:2:    grunt_orc_tribal_feast, layout_caves
Vaults:1: gammafunk_ghost_fury_of_okawaru, ontoclasm_vaults_eye, st_more_cells,
          vaults_room_pool, vaults_room_grunt_arrival_ludios,
          nicolae_vaults_trapezoid_2, vaults_room_stairs_pillars,
          nicolae_vaults_little_squares_6, layout_vaults_omnigrid
Vaults:2: nicolae_vaults_lightning_bolt, nicolae_vaults_diagonal_hallway_8,
          vaults_dpeg_doors, st_octagons_2, nicolae_vaults_closet_pinwheel_5,
          v_misc_9, v_misc_12, v_pattern_1, v_alt_pattern_2,
          nicolae_vaults_tetromino_T_1, ontoclasm_vaults_idyll,
          ontoclasm_vaults_ring_small, nicolae_vaults_house_3,
          nicolae_vaults_apartment_1, layout_vaults_omnicross, serial_shops,
          freezing_bzr
Vaults:3: ontoclasm_vaults_decontamination, nicolae_vaults_what_the_h,
          nicolae_vaults_bisected_exclaves, nicolae_vaults_cochlea,
          nicolae_vaults_two_Ls, nicolae_vaults_closet_pinwheel_5,
          grunt_vaults_diagonal, nicolae_vaults_twisting_passages,
          vaults_mumra_hexcomb, vaults_room_door_ring,
          vaults_standard_mumra_enter_the_diamond, v_alt_pattern_3,
          ontoclasm_vaults_loading_screen, layout_vaults_omnibox, serial_shops,
          nicolae_shop_bloodbath_and_beyond
Vaults:4: v_rooms_1, v_misc_18, vaults_room_door_hall,
          nicolae_vaults_tetromino_Z_1, nicolae_vaults_fighting_squares,
          nicolae_vaults_trapezoid_4, vaults_room_grid, v_misc_28,
          nicolae_vaults_closet_pinwheel_2, hangedman_vaults_capsules,
          layout_vaults_big_room, serial_shops, nicolae_shop_hallway_stairs,
          uniq_margery, uniq_mara, uniq_frederick
Vaults:5: serial_shops
Crypt:1:  layout_chaotic_city
Crypt:2:  layout_chaotic_city, grunt_megastairs_3, uniq_saint_roka
Crypt:3:  church_of_pain_bobbens, layout_chaotic_city,
          tomb_entry_forgotten_bobbens
Tomb:1
Tomb:2
Depths:1: layout_cave_pools, enter_ziggurat_f, hell_entry, serial_bayou_shore_b,
          abyss_entry, bh_walls_and_bars
Depths:2: kennysheep_green_arena, layout_honeycomb, pf_hell_entry_great_geh,
          grunt_pan_entry_in_and_out, grunt_decor_arrowhead,
          nemelex_diamond_rough_becter
Depths:3: minmay_connected_triangles_in_corner, layout_gridlike, hellmouth_3,
          rand_demon_pan_entry_3, abyss_entry_flame_altar,
          evilmike_ruin_ashenzari, roderic_lattice_octagonal_star
Depths:4: grunt_zot_entry_funnels, layout_cave_pools, grunt_mini_vestibule,
          patterned_corridor, special_room [special_room_morgue],
          serial_co_window_serial, co_window_of_opportunity_a,
          co_window_paths_a, co_window_paths_a, co_window_of_opportunity_a,
          co_window_corner_a, co_window_broadway_c, co_window_broadway_b,
          co_window_paths_c, co_window_2corner, co_window_paths_c,
          co_window_of_opportunity_c, co_window_corner_b, glass_columns_c,
          glass_columns_a, glass_columns_a, glass_columns_a, glass_columns_b
Zot:1:    nicolae_zot_stationary_front, layout_twisted_circle
Zot:2:    layout_onion_interference, uniq_vv
Zot:3:    lemuel_acid_trip, layout_concentric_octagons, uniq_josephina
Zot:4:    gammafunk_dig_for_victory, layout_basic, zot_minivault_1

Skill      XL: |  1  2  3  4  5  6  7  8  9 10 11 12 13 14 15 16 17 18 19 20 21 22 23 24 25 26 27 |
---------------+----------------------------------------------------------------------------------+-----
Axes           | 2 3 4 5 6 7 8 9 11 12 14 16 17 18 | 18.0
Fighting       | 4 5 6 7 8 9 10 11 12 13 14 15 16 18 19 20 21 23 25 26 27 | 27.0
Dodging        | 1 2 3 4 5 6 7 9 10 11 12 13 | 13.3
Throwing       | 1 3 4 5 7 9 10 11 12 13 14 16 | 16.0
Invocations    | 4 8 10 11 | 11.7
Armour         | 6 7 9 10 11 13 15 17 18 20 22 | 22.6
Shields        | 4 5 6 7 11 14 15 17 19 20 21 22 | 22.0

Action                     |  1- 3 |  4- 6 |  7- 9 | 10-12 | 13-15 | 16-18 | 19-21 | 22-24 | 25-27 || total
---------------------------+-------+-------+-------+-------+-------+-------+-------+-------+-------++-------
  Melee: War axe           |   109 |   321 |   259 |   382 |  1021 |  1065 |  1519 |  1701 |  1604 ||  7981
         Flail             |       |       |       |    22 |    26 |       |       |       |       ||    48
         Broad axe         |       |       |       |       |       |   495 |   161 |       |   432 ||  1088
  Throw: Boomerang         |       |    14 |    41 |    10 |    10 |       |       |       |       ||    75
         Javelin           |       |       |       |    83 |   144 |    81 |   102 |    88 |   311 ||   809
 Invoke: Heroism           |       |       |     7 |    24 |    28 |    41 |    12 |    37 |    38 ||   187
         Finesse           |       |       |       |       |     8 |     2 |     6 |     8 |     1 ||    25
    Use: Scroll            |     4 |     1 |     9 |     7 |     9 |     7 |     6 |     5 |    24 ||    72
         Potion            |     1 |     3 |     3 |     1 |     3 |     2 |     3 |       |    30 ||    46
   Stab: Petrified         |       |       |       |     8 |       |       |       |       |       ||     8
         Distracted        |       |       |       |       |       |     1 |       |       |       ||     1
         Confused          |       |       |       |       |       |       |       |       |     6 ||     6
 Armour: Scale mail        |    65 |   159 |     2 |       |       |       |       |       |       ||   226
         Chain mail        |       |       |   112 |       |       |       |       |       |       ||   112
         Plate armour      |       |       |    46 |   271 |   544 |   525 |   621 |   233 |       ||  2240
         Gold dragon scale |       |       |       |       |       |       |       |   552 |  1108 ||  1660
  Dodge: Dodged            |    35 |   176 |   172 |   359 |   543 |   468 |   533 |   686 |  1176 ||  4148
  Block: Buckler           |    24 |    60 |    53 |   141 |   240 |       |       |       |       ||   518
         Kite shield       |       |       |       |       |    79 |   625 |       |       |       ||   704
         Tower shield      |       |       |       |       |       |   543 |  1574 |  1608 |  2208 ||  5933

Table legend:
 A = Non-vault XP
 B = Vault XP
 C = Vault XP percentage of total XP
 D = Non-vault monster count
 E = Vault monster count
 F = Vault count percentage of total count
                 A         B        C        D         E       F
            +---------+---------+-------+---------+---------+-------
      Total |  720469 |  635097 |  46.9 |    1408 |     901 |  39.0
            +---------+---------+-------+---------+---------+-------
        D:1 |      46 |       5 |   9.8 |      29 |       4 |  12.1
        D:2 |     110 |       3 |   2.7 |      25 |       2 |   7.4
        D:3 |      42 |       0 |   0.0 |      15 |       0 |   0.0
        D:4 |     276 |     178 |  39.2 |      33 |      19 |  36.5
        D:5 |     731 |     213 |  22.6 |      15 |      21 |  58.3
        D:6 |     591 |     422 |  41.7 |      10 |       4 |  28.6
        D:7 |     670 |     372 |  35.7 |      16 |       4 |  20.0
        D:8 |     828 |       0 |   0.0 |      10 |       0 |   0.0
        D:9 |    2344 |     704 |  23.1 |      42 |       9 |  17.6
       D:10 |    4664 |    1385 |  22.9 |      29 |       4 |  12.1
       D:11 |   10673 |    1658 |  13.4 |      23 |       2 |   8.0
       D:12 |    4256 |    9941 |  70.0 |      24 |      20 |  45.5
       D:13 |    5856 |    5817 |  49.8 |      12 |       9 |  42.9
       D:14 |    7244 |       0 |   0.0 |      17 |       0 |   0.0
       D:15 |   10459 |    3307 |  24.0 |      20 |       4 |  16.7
     Lair:1 |    3629 |       0 |   0.0 |      17 |       0 |   0.0
     Lair:2 |    5291 |       0 |   0.0 |      22 |       0 |   0.0
     Lair:3 |    9778 |     451 |   4.4 |      30 |       4 |  11.8
     Lair:4 |    6494 |    2275 |  25.9 |      21 |       5 |  19.2
     Lair:5 |   13386 |   14646 |  52.2 |      33 |      50 |  60.2
   Shoals:1 |   13785 |    5617 |  29.0 |      24 |      17 |  41.5
   Shoals:2 |    7357 |    1764 |  19.3 |      16 |       1 |   5.9
   Shoals:3 |   22758 |    8477 |  27.1 |      45 |      10 |  18.2
   Shoals:4 |    8001 |   22536 |  73.8 |      15 |      36 |  70.6
    Snake:1 |   14298 |    4542 |  24.1 |      31 |      10 |  24.4
    Snake:2 |   23432 |       0 |   0.0 |      46 |       0 |   0.0
    Snake:3 |   21602 |    2943 |  12.0 |      36 |       3 |   7.7
    Snake:4 |   28467 |   29957 |  51.3 |      62 |      43 |  41.0
    Slime:1 |     465 |       0 |   0.0 |       2 |       0 |   0.0
    Slime:2 |    8075 |       0 |   0.0 |      20 |       0 |   0.0
    Slime:3 |    6898 |       0 |   0.0 |      10 |       0 |   0.0
    Slime:4 |    3578 |       0 |   0.0 |       7 |       0 |   0.0
    Slime:5 |    8935 |   28286 |  76.0 |      15 |      18 |  54.5
      Orc:1 |    3119 |       0 |   0.0 |      16 |       0 |   0.0
      Orc:2 |    4246 |    7504 |  63.9 |      27 |      30 |  52.6
   Vaults:1 |   12367 |   14734 |  54.4 |      19 |      19 |  50.0
   Vaults:2 |   43291 |   24821 |  36.4 |      62 |      28 |  31.1
   Vaults:3 |   31328 |   24788 |  44.2 |      43 |      33 |  43.4
   Vaults:4 |   28244 |   47967 |  62.9 |      38 |      55 |  59.1
   Vaults:5 |   15862 |   99837 |  86.3 |      17 |      85 |  83.3
    Crypt:1 |   24903 |       0 |   0.0 |      48 |       0 |   0.0
    Crypt:2 |   13077 |    5554 |  29.8 |      25 |      14 |  35.9
    Crypt:3 |   27040 |   26138 |  49.2 |      42 |      68 |  61.8
     Tomb:1 |    8076 |   49737 |  86.0 |      34 |      53 |  60.9
     Tomb:2 |    7961 |   34313 |  81.2 |      22 |      49 |  69.0
   Depths:1 |   17560 |       0 |   0.0 |      19 |       0 |   0.0
   Depths:2 |   39247 |   23927 |  37.9 |      49 |      25 |  33.8
   Depths:3 |   19780 |   30659 |  60.8 |      23 |      32 |  58.2
   Depths:4 |   26788 |   44105 |  62.2 |      30 |      39 |  56.5
      Zot:1 |   34306 |   11527 |  25.2 |      29 |       9 |  23.7
      Zot:2 |   42645 |       0 |   0.0 |      38 |       0 |   0.0
      Zot:3 |   38757 |   28410 |  42.3 |      33 |      50 |  60.2
      Zot:4 |   26853 |   15577 |  36.7 |      22 |      13 |  37.1
            +---------+---------+-------+---------+---------+-------
